Workbook

Sheet Caso 1
B10: 1. Caso de ingresos por salarios con dos o más patrones
B12: I. Datos del patrón 1
B13: Información permanente | E13: 2019 | F13: 2020 | G13: 2021
B14: Salario Mínimo General | E14: 102.68 | F14: 123.22 | G14: 141.7
B15: Salario Mínimo General RFN | E15: 176.72 | F15: 185.56 | G15: 213.39
B16: UMA diaria | E16: 84.49 | F16: 86.88 | G16: 89.62
B17: UMA anual | E17: 30822 | F17: 31693.8 | G17: 32693.4
B20: Concepto | D20: LISR | E20: LFT | F20: LSS | G20: LISR
B21: Salario mensual | E21: 4350 | F21: 4350 | G21: 4350
B22: Salario cuota diaria | E22: =+E21/30 -> 145 | F22: =+F21/30 -> 145 | G22: =+G21/30.4 -> 143.09211
B24: I.I Retenciones mensuales de ISR Art. 96 LISR
B25: Concepto | D25: Enero | E25: Febrero | F25: Marzo | G25: Abril | H25: Mayo | I25: Junio | J25: Julio | K25: Agosto | L25: Septiembre | M25: Octubre | N25: Noviembre | O25: Diciembre | P25: Totales
B26: Salario mensual | D26: =+$G$21 -> 4350 | E26: =+$G$21 -> 4350 | F26: =+$G$21 -> 4350 | G26: =+$G$21 -> 4350 | H26: =+$G$21 -> 4350 | I26: =+$G$21 -> 4350 | J26: =+$G$21 -> 4350 | K26: =+$G$21 -> 4350 | ... O26: =+$G$21 -> 4350 | P26: =SUM(D26:O26) -> 52200
A27: (+) | B27: Otras percepciones | D27: 0 | E27: 0 | F27: 0 | G27: 0 | H27: =+E44 -> 7155.7 | I27: 0 | J27: 0 | K27: 0 | L27: 0 | M27: 0 | N27: 0 | O27: 0
A28: (=) | B28: Base gravable | D28: =+D26+D27 -> 4350 | E28: =+E26+E27 -> 4350 | F28: =+F26+F27 -> 4350 | G28: =+G26+G27 -> 4350 | H28: =+H26+H27 -> 11505.7 | I28: =+I26+I27 -> 4350 | J28: =+J26+J27 -> 4350 | K28: =+K26+K27 -> 4350 | ... O28: =+O26+O27 -> 4350
A29: (-) | B29: Límite inferior | D29: =VLOOKUP(D28,Tarifas!$B$3:$E$16,1) -> 644.59 | E29: =VLOOKUP(E28,Tarifas!$B$3:$E$16,1) -> 644.59 | F29: =VLOOKUP(F28,Tarifas!$B$3:$E$16,1) -> 644.59 | G29: =VLOOKUP(G28,Tarifas!$B$3:$E$16,1) -> 644.59 | H29: =VLOOKUP(H28,Tarifas!$B$3:$E$16,1) -> 11176.63 | I29: =VLOOKUP(I28,Tarifas!$B$3:$E$16,1) -> 644.59 | J29: =VLOOKUP(J28,Tarifas!$B$3:$E$16,1) -> 644.59 | K29: =VLOOKUP(K28,Tarifas!$B$3:$E$16,1) -> 644.59 | ... O29: =VLOOKUP(O28,Tarifas!$B$3:$E$16,1) -> 644.59
A30: (=) | B30: Excedente | D30: =+D28-D29 -> 3705.41 | E30: =+E28-E29 -> 3705.41 | F30: =+F28-F29 -> 3705.41 | G30: =+G28-G29 -> 3705.41 | H30: =+H28-H29 -> 329.07 | I30: =+I28-I29 -> 3705.41 | J30: =+J28-J29 -> 3705.41 | K30: =+K28-K29 -> 3705.41 | ... O30: =+O28-O29 -> 3705.41
A31: (x) | B31: % sobre excedente | D31: =VLOOKUP(D28,Tarifas!$B$3:$E$16,4)/100 -> 0.064 | E31: =VLOOKUP(E28,Tarifas!$B$3:$E$16,4)/100 -> 0.064 | F31: =VLOOKUP(F28,Tarifas!$B$3:$E$16,4)/100 -> 0.064 | G31: =VLOOKUP(G28,Tarifas!$B$3:$E$16,4)/100 -> 0.064 | H31: =VLOOKUP(H28,Tarifas!$B$3:$E$16,4)/100 -> 0.1792 | I31: =VLOOKUP(I28,Tarifas!$B$3:$E$16,4)/100 -> 0.064 | J31: =VLOOKUP(J28,Tarifas!$B$3:$E$16,4)/100 -> 0.064 | K31: =VLOOKUP(K28,Tarifas!$B$3:$E$16,4)/100 -> 0.064 | ... O31: =VLOOKUP(O28,Tarifas!$B$3:$E$16,4)/100 -> 0.064
A32: (=) | B32: Impuesto marginal | D32: =+D30*D31 -> 237.14624 | E32: =+E30*E31 -> 237.14624 | F32: =+F30*F31 -> 237.14624 | G32: =+G30*G31 -> 237.14624 | H32: =+H30*H31 -> 58.969344 | I32: =+I30*I31 -> 237.14624 | J32: =+J30*J31 -> 237.14624 | K32: =+K30*K31 -> 237.14624 | ... O32: =+O30*O31 -> 237.14624
A33: (+) | B33: Cuota fija | D33: =VLOOKUP(D28,Tarifas!$B$3:$E$16,3) -> 12.38 | E33: =VLOOKUP(E28,Tarifas!$B$3:$E$16,3) -> 12.38 | F33: =VLOOKUP(F28,Tarifas!$B$3:$E$16,3) -> 12.38 | G33: =VLOOKUP(G28,Tarifas!$B$3:$E$16,3) -> 12.38 | H33: =VLOOKUP(H28,Tarifas!$B$3:$E$16,3) -> 1022.01 | I33: =VLOOKUP(I28,Tarifas!$B$3:$E$16,3) -> 12.38 | J33: =VLOOKUP(J28,Tarifas!$B$3:$E$16,3) -> 12.38 | K33: =VLOOKUP(K28,Tarifas!$B$3:$E$16,3) -> 12.38 | ... O33: =VLOOKUP(O28,Tarifas!$B$3:$E$16,3) -> 12.38
A34: (=) | B34: ISR determinado | D34: =+D32+D33 -> 249.52624 | E34: =+E32+E33 -> 249.52624 | F34: =+F32+F33 -> 249.52624 | G34: =+G32+G33 -> 249.52624 | H34: =+H32+H33 -> 1080.9793 | I34: =+I32+I33 -> 249.52624 | J34: =+J32+J33 -> 249.52624 | K34: =+K32+K33 -> 249.52624 | ... O34: =+O32+O33 -> 249.52624
A35: (-) | B35: Subsidio para el empleo | D35: =VLOOKUP(D28,Tarifas!$B$20:$D$33,3) -> 382.46 | E35: =VLOOKUP(E28,Tarifas!$B$20:$D$33,3) -> 382.46 | F35: =VLOOKUP(F28,Tarifas!$B$20:$D$33,3) -> 382.46 | G35: =VLOOKUP(G28,Tarifas!$B$20:$D$33,3) -> 382.46 | H35: =VLOOKUP(H28,Tarifas!$B$20:$D$33,3) -> 0 | I35: =VLOOKUP(I28,Tarifas!$B$20:$D$33,3) -> 382.46 | J35: =VLOOKUP(J28,Tarifas!$B$20:$D$33,3) -> 382.46 | K35: =VLOOKUP(K28,Tarifas!$B$20:$D$33,3) -> 382.46 | ... O35: =VLOOKUP(O28,Tarifas!$B$20:$D$33,3) -> 382.46 | P35: =SUM(D35:O35) -> 4207.06
A36: (=) | B36: ISR a retener | D36: =+D34-D35 -> -132.93376 | E36: =+E34-E35 -> -132.93376 | F36: =+F34-F35 -> -132.93376 | G36: =+G34-G35 -> -132.93376 | H36: =+H34-H35 -> 1080.9793 | I36: =+I34-I35 -> -132.93376 | J36: =+J34-J35 -> -132.93376 | K36: =+K34-K35 -> -132.93376 | ... O36: =+O34-O35 -> -132.93376 | P36: =+H36 -> 1080.9793
B39: I.II Partes exentas de pagos por salarios y en general por un servicio personal subordinado
B40: Cálculo de PTU | E40: Importes
B41: Importe de la PTU pagada | E41: 8500
B42: UMA | E42: =+G16 -> 89.62
B43: PTU exenta | E43: =IF(E41>(E42*30),E42*15,E41) -> 1344.3 | F43: (89.62 x 15 días) | H43: Art. 123 LFT, Art. 9 LISR, Art. 93, fracción XIV LISR
B44: PTU gravada | E44: =+E41-E43 -> 7155.7
B47: Cálculo de prima vacacional | E47: Importes
B48: Importe de prima vacacional | E48: =E22*(10*0.25) -> 362.5 | F48: (145.00 x 10 días x 25%)
B49: UMA | E49: =+G16 -> 89.62
B50: Prima vacacional exenta | E50: =IF(E48>(E49*30),E49*15,E48) -> 362.5 | F50: (89.62 x 15 días) | H50: Art. 80 LFT, Art. 93, fracción XIV LISR
B51: Prima vacacional gravada | E51: =+E48-E50 -> 0
B54: Cálculo del aguinaldo | E54: Importes
B55: Importe del aguinaldo | E55: =+E22*15 -> 2175 | F55: (145.00 x 15 días)
B56: UMA | E56: =+G16 -> 89.62
B57: Aguinaldo exento | E57: =IF(E55>(E56*30),E56*30,E55) -> 2175 | F57: (89.62 x 30 días) | H57: Art. 87 LFT, Art. 93, fracción XIV LISR
B58: Aguinaldo gravado | E58: =+E55-E57 -> 0
B63: II. Datos del patrón 2
B64: Información permanente | E64: 2019 | F64: 2020 | G64: 2021
B65: Salario Mínimo General | E65: 102.68 | F65: 123.22 | G65: 141.7
B66: Salario Mínimo General RFN | E66: 176.72 | F66: 185.56 | G66: 213.39
B67: UMA diaria | E67: 84.49 | F67: 86.88 | G67: 89.62
B68: UMA anual | E68: 30822 | F68: 31693.8 | G68: 32693.4
B71: Concepto | D71: LISR | E71: LFT | F71: LSS | G71: LISR
B72: Salario mensual | E72: 8500 | F72: 8500 | G72: 8500
B73: Salario cuota diaria | E73: =+E72/30 -> 283.33333 | F73: =+F72/30 -> 283.33333 | G73: =+G72/30.4 -> 279.60526
B75: II.I Retenciones mensuales de ISR Art. 96 LISR
B76: Concepto | D76: Enero | E76: Febrero | F76: Marzo | G76: Abril | H76: Mayo | I76: Junio | J76: Julio | K76: Agosto | L76: Septiembre | M76: Octubre | N76: Noviembre | O76: Diciembre | P76: Totales
B77: Salario mensual | D77: =+$G$72 -> 8500 | E77: =+$G$72 -> 8500 | F77: =+$G$72 -> 8500 | G77: =+$G$72 -> 8500 | H77: =+$G$72 -> 8500 | I77: =+$G$72 -> 8500 | J77: =+$G$72 -> 8500 | K77: =+$G$72 -> 8500 | ... O77: =+$G$72 -> 8500 | P77: =SUM(D77:O77) -> 102000
A78: (+) | B78: Otras percepciones | D78: 0 | E78: 0 | F78: 0 | G78: 0 | H78: =+E95 -> 0 | I78: 0 | J78: 0 | K78: 0 | L78: 0 | M78: 0 | N78: 0 | O78: =+E109 -> 5811.4
A79: (=) | B79: Base gravable | D79: =+D77+D78 -> 8500 | E79: =+E77+E78 -> 8500 | F79: =+F77+F78 -> 8500 | G79: =+G77+G78 -> 8500 | H79: =+H77+H78 -> 8500 | I79: =+I77+I78 -> 8500 | J79: =+J77+J78 -> 8500 | K79: =+K77+K78 -> 8500 | ... O79: =+O77+O78 -> 14311.4
A80: (-) | B80: Límite inferior | D80: =VLOOKUP(D79,Tarifas!$B$3:$E$16,1) -> 5470.93 | E80: =VLOOKUP(E79,Tarifas!$B$3:$E$16,1) -> 5470.93 | F80: =VLOOKUP(F79,Tarifas!$B$3:$E$16,1) -> 5470.93 | G80: =VLOOKUP(G79,Tarifas!$B$3:$E$16,1) -> 5470.93 | H80: =VLOOKUP(H79,Tarifas!$B$3:$E$16,1) -> 5470.93 | I80: =VLOOKUP(I79,Tarifas!$B$3:$E$16,1) -> 5470.93 | J80: =VLOOKUP(J79,Tarifas!$B$3:$E$16,1) -> 5470.93 | K80: =VLOOKUP(K79,Tarifas!$B$3:$E$16,1) -> 5470.93 | ... O80: =VLOOKUP(O79,Tarifas!$B$3:$E$16,1) -> 13381.48
A81: (=) | B81: Excedente | D81: =+D79-D80 -> 3029.07 | E81: =+E79-E80 -> 3029.07 | F81: =+F79-F80 -> 3029.07 | G81: =+G79-G80 -> 3029.07 | H81: =+H79-H80 -> 3029.07 | I81: =+I79-I80 -> 3029.07 | J81: =+J79-J80 -> 3029.07 | K81: =+K79-K80 -> 3029.07 | ... O81: =+O79-O80 -> 929.92
A82: (x) | B82: % sobre excedente | D82: =VLOOKUP(D79,Tarifas!$B$3:$E$16,4)/100 -> 0.1088 | E82: =VLOOKUP(E79,Tarifas!$B$3:$E$16,4)/100 -> 0.1088 | F82: =VLOOKUP(F79,Tarifas!$B$3:$E$16,4)/100 -> 0.1088 | G82: =VLOOKUP(G79,Tarifas!$B$3:$E$16,4)/100 -> 0.1088 | H82: =VLOOKUP(H79,Tarifas!$B$3:$E$16,4)/100 -> 0.1088 | I82: =VLOOKUP(I79,Tarifas!$B$3:$E$16,4)/100 -> 0.1088 | J82: =VLOOKUP(J79,Tarifas!$B$3:$E$16,4)/100 -> 0.1088 | K82: =VLOOKUP(K79,Tarifas!$B$3:$E$16,4)/100 -> 0.1088 | ... O82: =VLOOKUP(O79,Tarifas!$B$3:$E$16,4)/100 -> 0.2136
A83: (=) | B83: Impuesto marginal | D83: =+D81*D82 -> 329.56282 | E83: =+E81*E82 -> 329.56282 | F83: =+F81*F82 -> 329.56282 | G83: =+G81*G82 -> 329.56282 | H83: =+H81*H82 -> 329.56282 | I83: =+I81*I82 -> 329.56282 | J83: =+J81*J82 -> 329.56282 | K83: =+K81*K82 -> 329.56282 | ... O83: =+O81*O82 -> 198.63091
A84: (+) | B84: Cuota fija | D84: =VLOOKUP(D79,Tarifas!$B$3:$E$16,3) -> 321.26 | E84: =VLOOKUP(E79,Tarifas!$B$3:$E$16,3) -> 321.26 | F84: =VLOOKUP(F79,Tarifas!$B$3:$E$16,3) -> 321.26 | G84: =VLOOKUP(G79,Tarifas!$B$3:$E$16,3) -> 321.26 | H84: =VLOOKUP(H79,Tarifas!$B$3:$E$16,3) -> 321.26 | I84: =VLOOKUP(I79,Tarifas!$B$3:$E$16,3) -> 321.26 | J84: =VLOOKUP(J79,Tarifas!$B$3:$E$16,3) -> 321.26 | K84: =VLOOKUP(K79,Tarifas!$B$3:$E$16,3) -> 321.26 | ... O84: =VLOOKUP(O79,Tarifas!$B$3:$E$16,3) -> 1417.12
A85: (=) | B85: ISR determinado | D85: =+D83+D84 -> 650.82282 | E85: =+E83+E84 -> 650.82282 | F85: =+F83+F84 -> 650.82282 | G85: =+G83+G84 -> 650.82282 | H85: =+H83+H84 -> 650.82282 | I85: =+I83+I84 -> 650.82282 | J85: =+J83+J84 -> 650.82282 | K85: =+K83+K84 -> 650.82282 | ... O85: =+O83+O84 -> 1615.7509
A86: (-) | B86: Subsidio para el empleo | D86: =VLOOKUP(D79,Tarifas!$B$20:$D$33,3) -> 0 | E86: =VLOOKUP(E79,Tarifas!$B$20:$D$33,3) -> 0 | F86: =VLOOKUP(F79,Tarifas!$B$20:$D$33,3) -> 0 | G86: =VLOOKUP(G79,Tarifas!$B$20:$D$33,3) -> 0 | H86: =VLOOKUP(H79,Tarifas!$B$20:$D$33,3) -> 0 | I86: =VLOOKUP(I79,Tarifas!$B$20:$D$33,3) -> 0 | J86: =VLOOKUP(J79,Tarifas!$B$20:$D$33,3) -> 0 | K86: =VLOOKUP(K79,Tarifas!$B$20:$D$33,3) -> 0 | ... O86: =VLOOKUP(O79,Tarifas!$B$20:$D$33,3) -> 0 | P86: =SUM(D86:O86) -> 0
A87: (=) | B87: ISR a retener | D87: =+D85-D86 -> 650.82282 | E87: =+E85-E86 -> 650.82282 | F87: =+F85-F86 -> 650.82282 | G87: =+G85-G86 -> 650.82282 | H87: =+H85-H86 -> 650.82282 | I87: =+I85-I86 -> 650.82282 | J87: =+J85-J86 -> 650.82282 | K87: =+K85-K86 -> 650.82282 | ... O87: =+O85-O86 -> 1615.7509 | P87: =SUM(D87:O87) -> 8774.8019
B90: II.II Partes exentas de pagos por salarios y en general por un servicio personal subordinado
B91: Cálculo de PTU | E91: Importes
B92: Importe de la PTU pagada | E92: 1164
B93: UMA | E93: =+G67 -> 89.62
B94: PTU exenta | E94: =IF(E92>(E93*30),E93*15,E92) -> 1164 | F94: (89.62x 15 días) | H94: Art. 123 LFT, Art. 9 LISR, Art. 93, fracción XIV LISR
B95: PTU gravada | E95: =+E92-E94 -> 0
B98: Cálculo de prima vacacional | E98: Importes
B99: Importe de prima vacacional | E99: =E73*(6*0.3) -> 510 | F99: (283.33 x 6 días x 30%)
B100: UMA | E100: =+G16 -> 89.62
B101: Prima vacacional exenta | E101: =IF(E99>(E100*30),E100*15,E99) -> 510 | F101: (89.62 x 15 días) | H101: Art. 80 LFT, Art. 93, fracción XIV LISR
B102: Prima vacacional gravada | E102: =+E99-E101 -> 0
B105: Cálculo del aguinaldo | E105: Importes
B106: Importe del aguinaldo | E106: =+E73*30 -> 8500 | F106: (283.33 x 30 días)
B107: UMA | E107: =+G67 -> 89.62
B108: Aguinaldo exento | E108: =IF(E106>(E107*30),E107*30,E106) -> 2688.6 | F108: (89.62x 30 días) | H108: Art. 87 LFT, Art. 93, fracción XIV LISR
B109: Aguinaldo gravado | E109: =+E106-E108 -> 5811.4
B118: III. Datos para declaración anual | I118: IV. Deducciones personales
B119: Conceptos | E119: Montos | F119: Exento | I119: Conceptos | L119: Montos | M119: Máximo | N119: Deducible
B120: Ingresos por salarios | E120: =+P26+P77 -> 154200 | F120: 0 | I120: Gastos médicos | L120: 3250 | M120: 0 | N120: =+L120 -> 3250
A121: (+) | B121: PTU | E121: =+E41+E92 -> 9664 | F121: =+E43 -> 1344.3 | H121: (+) | I121: Gastos funerarios | L121: 27000 | M121: 32693.4 | N121: =+L121 -> 27000
A122: (+) | B122: Aguinaldo | E122: =+E55+E106 -> 10675 | F122: =+E108 -> 2688.6 | H122: (+) | I122: Intereses reales por créditos hipotecarios | L122: 0 | M122: 0 | N122: =+M122 -> 0
A123: (+) | B123: Prima vacacional | E123: =+E48+E99 -> 872.5 | F123: =+E101+E50 -> 872.5 | H123: (+) | I123: Seguro de gastos médicos | L123: 0 | M123: 0 | N123: =+M123 -> 0
A124: (+) | B124: Asimilados a salarios | E124: 0 | F124: 0 | H124: (+) | I124: Transporte escolar | L124: 0 | M124: 0 | N124: =+M124 -> 0
A125: (+) | B125: Pagos por separación | E125: 0 | F125: 0 | H125: (+) | I125: Impuesto local por salarios | L125: 0 | M125: 0 | N125: =+M125 -> 0
A126: (=) | B126: Total de ingresos por salarios | E126: =SUM(E120:E125) -> 175411.5 | F126: =SUM(F120:F125) -> 4905.4 | H126: (=) | I126: Total de deducciones personales | L126: =SUM(L120:L125) -> 30250 | M126: =SUM(M120:M125) -> 32693.4 | N126: =SUM(N120:N125) -> 30250
B128: 15% de ingresos (incluyendo exentos) | E128: =+E126*0.15 -> 26311.725
B129: 5 veces UMA elevada al año | E129: =5*G17 -> 163467 | I129: V. Estímulos fiscales
I130: Conceptos | L130: Montos | M130: Máximo | N130: Deducible
B131: Tope para deducciones personales | E131: =+E128 -> 26311.725 | I131: Cuenta personal especial de ahorro | L131: 11100 | M131: 152000 | N131: =+L131 -> 11100
H132: (+) | I132: Colegiaturas 1 alumno primaria | L132: 36000 | M132: =12900 -> 12900 | N132: =+M132 -> 12900
H133: (=) | I133: Total de estímulos | L133: =SUM(L131:L132) -> 47100 | M133: =SUM(M131:M132) -> 164900 | N133: =SUM(N131:N132) -> 24000
B134: VII. Cálculo ISR del ejercicio
B135: Conceptos | E135: Importes
B136: Total de ingresos por salarios | E136: =+E126 -> 175411.5
A137: (-) | B137: Ingresos exentos | E137: =+F126 -> 4905.4
A138: (=) | B138: Ingresos gravados | E138: =+E136-E137 -> 170506.1 | I138: VI. Acumulados retenciones y SPE
A139: (-) | B139: Ingresos no acumulables | E139: 0 | I139: Conceptos | L139: Montos
A140: (=) | B140: Ingresos gravados acumulables | E140: =+E138-E139 -> 170506.1 | I140: ISR de salarios | L140: =+P36+P87 -> 9855.7812
A141: (-) | B141: Deducciones personales | E141: =+E131+N133 -> 50311.725 | H141: (+) | I141: ISR de asimilados | L141: 0
...

Sheet Caso 2
B10: 2. Segundo caso de ingresos por salarios con dos o más patrones
B12: I. Datos
B13: Información permanente | E13: 2019 | F13: 2020 | G13: 2021
B14: Salario Mínimo General | E14: 102.68 | F14: 123.22 | G14: 141.7
B15: Salario Mínimo General RFN | E15: 176.72 | F15: 185.56 | G15: 213.39
B16: UMA diaria | E16: 84.49 | F16: 86.88 | G16: 89.62
B17: UMA anual | E17: 30822 | F17: 31693.8 | G17: 32693.4
B20: Concepto | D20: LISR | E20: LFT | F20: LSS | G20: LISR
B21: Salario mensual | E21: 7800 | F21: 7800 | G21: 7800
B22: Salario cuota diaria | E22: =+E21/30 -> 260 | F22: =+F21/30 -> 260 | G22: =+G21/30.4 -> 256.57895
B24: II. Cálculo de ISR
B25: Concepto | D25: Enero | E25: Febrero | F25: Marzo | G25: Abril | H25: Mayo | I25: Junio | J25: Julio | K25: Agosto | L25: Septiembre | M25: Octubre | N25: Noviembre | O25: Diciembre | P25: Totales
B26: Salario mensual | D26: =+$G$21 -> 7800 | E26: =+$G$21 -> 7800 | F26: =+$G$21 -> 7800 | G26: =+$G$21 -> 7800 | H26: =+$G$21 -> 7800 | I26: =+$G$21 -> 7800 | J26: =+$G$21 -> 7800 | K26: =+$G$21 -> 7800 | ... O26: =+$G$21 -> 7800 | P26: =SUM(D26:O26) -> 93600
A27: (+) | B27: Otras percepciones | D27: 0 | E27: 0 | F27: 0 | G27: 0 | H27: =+E44 -> 7155.7 | I27: 0 | J27: 0 | K27: 0 | L27: 0 | M27: 0 | N27: 0 | O27: =+E58 -> 1211.4
A28: (=) | B28: Base gravable | D28: =+D26+D27 -> 7800 | E28: =+E26+E27 -> 7800 | F28: =+F26+F27 -> 7800 | G28: =+G26+G27 -> 7800 | H28: =+H26+H27 -> 14955.7 | I28: =+I26+I27 -> 7800 | J28: =+J26+J27 -> 7800 | K28: =+K26+K27 -> 7800 | ... O28: =+O26+O27 -> 9011.4
A29: (-) | B29: Límite inferior | D29: =VLOOKUP(D28,Tarifas!$B$3:$E$16,1) -> 5470.93 | E29: =VLOOKUP(E28,Tarifas!$B$3:$E$16,1) -> 5470.93 | F29: =VLOOKUP(F28,Tarifas!$B$3:$E$16,1) -> 5470.93 | G29: =VLOOKUP(G28,Tarifas!$B$3:$E$16,1) -> 5470.93 | H29: =VLOOKUP(H28,Tarifas!$B$3:$E$16,1) -> 13381.48 | I29: =VLOOKUP(I28,Tarifas!$B$3:$E$16,1) -> 5470.93 | J29: =VLOOKUP(J28,Tarifas!$B$3:$E$16,1) -> 5470.93 | K29: =VLOOKUP(K28,Tarifas!$B$3:$E$16,1) -> 5470.93 | ... O29: =VLOOKUP(O28,Tarifas!$B$3:$E$16,1) -> 5470.93
A30: (=) | B30: Excedente | D30: =+D28-D29 -> 2329.07 | E30: =+E28-E29 -> 2329.07 | F30: =+F28-F29 -> 2329.07 | G30: =+G28-G29 -> 2329.07 | H30: =+H28-H29 -> 1574.22 | I30: =+I28-I29 -> 2329.07 | J30: =+J28-J29 -> 2329.07 | K30: =+K28-K29 -> 2329.07 | ... O30: =+O28-O29 -> 3540.47
A31: (x) | B31: % sobre excedente | D31: =VLOOKUP(D28,Tarifas!$B$3:$E$16,4)/100 -> 0.1088 | E31: =VLOOKUP(E28,Tarifas!$B$3:$E$16,4)/100 -> 0.1088 | F31: =VLOOKUP(F28,Tarifas!$B$3:$E$16,4)/100 -> 0.1088 | G31: =VLOOKUP(G28,Tarifas!$B$3:$E$16,4)/100 -> 0.1088 | H31: =VLOOKUP(H28,Tarifas!$B$3:$E$16,4)/100 -> 0.2136 | I31: =VLOOKUP(I28,Tarifas!$B$3:$E$16,4)/100 -> 0.1088 | J31: =VLOOKUP(J28,Tarifas!$B$3:$E$16,4)/100 -> 0.1088 | K31: =VLOOKUP(K28,Tarifas!$B$3:$E$16,4)/100 -> 0.1088 | ... O31: =VLOOKUP(O28,Tarifas!$B$3:$E$16,4)/100 -> 0.1088
A32: (=) | B32: Impuesto marginal | D32: =+D30*D31 -> 253.40282 | E32: =+E30*E31 -> 253.40282 | F32: =+F30*F31 -> 253.40282 | G32: =+G30*G31 -> 253.40282 | H32: =+H30*H31 -> 336.25339 | I32: =+I30*I31 -> 253.40282 | J32: =+J30*J31 -> 253.40282 | K32: =+K30*K31 -> 253.40282 | ... O32: =+O30*O31 -> 385.20314
A33: (+) | B33: Cuota fija | D33: =VLOOKUP(D28,Tarifas!$B$3:$E$16,3) -> 321.26 | E33: =VLOOKUP(E28,Tarifas!$B$3:$E$16,3) -> 321.26 | F33: =VLOOKUP(F28,Tarifas!$B$3:$E$16,3) -> 321.26 | G33: =VLOOKUP(G28,Tarifas!$B$3:$E$16,3) -> 321.26 | H33: =VLOOKUP(H28,Tarifas!$B$3:$E$16,3) -> 1417.12 | I33: =VLOOKUP(I28,Tarifas!$B$3:$E$16,3) -> 321.26 | J33: =VLOOKUP(J28,Tarifas!$B$3:$E$16,3) -> 321.26 | K33: =VLOOKUP(K28,Tarifas!$B$3:$E$16,3) -> 321.26 | ... O33: =VLOOKUP(O28,Tarifas!$B$3:$E$16,3) -> 321.26
A34: (=) | B34: ISR determinado | D34: =+D32+D33 -> 574.66282 | E34: =+E32+E33 -> 574.66282 | F34: =+F32+F33 -> 574.66282 | G34: =+G32+G33 -> 574.66282 | H34: =+H32+H33 -> 1753.3734 | I34: =+I32+I33 -> 574.66282 | J34: =+J32+J33 -> 574.66282 | K34: =+K32+K33 -> 574.66282 | ... O34: =+O32+O33 -> 706.46314
A35: (-) | B35: Subsidio para el empleo | D35: =VLOOKUP(D28,Tarifas!$B$20:$D$33,3) -> 0 | E35: =VLOOKUP(E28,Tarifas!$B$20:$D$33,3) -> 0 | F35: =VLOOKUP(F28,Tarifas!$B$20:$D$33,3) -> 0 | G35: =VLOOKUP(G28,Tarifas!$B$20:$D$33,3) -> 0 | H35: =VLOOKUP(H28,Tarifas!$B$20:$D$33,3) -> 0 | I35: =VLOOKUP(I28,Tarifas!$B$20:$D$33,3) -> 0 | J35: =VLOOKUP(J28,Tarifas!$B$20:$D$33,3) -> 0 | K35: =VLOOKUP(K28,Tarifas!$B$20:$D$33,3) -> 0 | ... O35: =VLOOKUP(O28,Tarifas!$B$20:$D$33,3) -> 0 | P35: =SUM(D35:O35) -> 0
A36: (=) | B36: ISR a retener | D36: =+D34-D35 -> 574.66282 | E36: =+E34-E35 -> 574.66282 | F36: =+F34-F35 -> 574.66282 | G36: =+G34-G35 -> 574.66282 | H36: =+H34-H35 -> 1753.3734 | I36: =+I34-I35 -> 574.66282 | J36: =+J34-J35 -> 574.66282 | K36: =+K34-K35 -> 574.66282 | ... O36: =+O34-O35 -> 706.46314 | P36: =SUM(D36:O36) -> 8206.4647
B39: III. Partes exentas de pagos por salarios y en general por un servicio personal subordinado
B40: Cálculo de PTU | E40: Importes
B41: Importe de la PTU pagada | E41: 8500
B42: UMA | E42: =+G16 -> 89.62
B43: PTU exenta | E43: =IF(E41>(E42*30),E42*15,E41) -> 1344.3 | F43: (89.62 x 15 días) | H43: Art. 123 LFT, Art. 9 LISR, Art. 93, fracción XIV LISR
B44: PTU gravada | E44: =+E41-E43 -> 7155.7
B47: Cálculo de prima vacacional | E47: Importes
B48: Importe de prima vacacional | E48: =E22*(6*0.25) -> 390 | F48: (260 x 6 días x 25%)
B49: UMA | E49: =+G16 -> 89.62
B50: Prima vacacional exenta | E50: =IF(E48>(E49*30),E49*15,E48) -> 390 | F50: (89.62 x 15 días) | H50: Art. 80 LFT, Art. 93, fracción XIV LISR
B51: Prima vacacional gravada | E51: =+E48-E50 -> 0
B54: Cálculo del aguinaldo | E54: Importes
B55: Importe del aguinaldo | E55: =+E22*15 -> 3900 | F55: (260 x 15 días)
B56: UMA | E56: =+G16 -> 89.62
B57: Aguinaldo exento | E57: =IF(E55>(E56*30),E56*30,E55) -> 2688.6 | F57: (89.62 x 30 días) | H57: Art. 87 LFT, Art. 93, fracción XIV LISR
B58: Aguinaldo gravado | E58: =+E55-E57 -> 1211.4
B63: IV. Conceptos asimilados Art. 94, fracción V y Art. 96 LISR
B64: Concepto | D64: Enero | E64: Febrero | F64: Marzo | G64: Abril | H64: Mayo | I64: Junio | J64: Julio | K64: Agosto | L64: Septiembre | M64: Octubre | N64: Noviembre | O64: Diciembre | P64: Totales
B65: Asimilados a salarios | D65: 12000 | E65: 13000 | F65: 7500 | G65: 8600 | H65: 22000 | I65: 6700 | J65: 22000 | K65: 31000 | L65: 12500 | M65: 8600 | N65: 17100 | O65: 45000 | P65: =SUM(D65:O65) -> 206000
A66: (-) | B66: Límite inferior | D66: =VLOOKUP(D65,Tarifas!$B$3:$E$16,1) -> 11176.63 | E66: =VLOOKUP(E65,Tarifas!$B$3:$E$16,1) -> 11176.63 | F66: =VLOOKUP(F65,Tarifas!$B$3:$E$16,1) -> 5470.93 | G66: =VLOOKUP(G65,Tarifas!$B$3:$E$16,1) -> 5470.93 | H66: =VLOOKUP(H65,Tarifas!$B$3:$E$16,1) -> 13381.48 | I66: =VLOOKUP(I65,Tarifas!$B$3:$E$16,1) -> 5470.93 | J66: =VLOOKUP(J65,Tarifas!$B$3:$E$16,1) -> 13381.48 | K66: =VLOOKUP(K65,Tarifas!$B$3:$E$16,1) -> 26988.51 | ... O66: =VLOOKUP(O65,Tarifas!$B$3:$E$16,1) -> 42537.59
A67: (=) | B67: Excedente | D67: =+D65-D66 -> 823.37 | E67: =+E65-E66 -> 1823.37 | F67: =+F65-F66 -> 2029.07 | G67: =+G65-G66 -> 3129.07 | H67: =+H65-H66 -> 8618.52 | I67: =+I65-I66 -> 1229.07 | J67: =+J65-J66 -> 8618.52 | K67: =+K65-K66 -> 4011.49 | ... O67: =+O65-O66 -> 2462.41
A68: (x) | B68: % sobre excedente | D68: =VLOOKUP(D65,Tarifas!$B$3:$E$16,4)/100 -> 0.1792 | E68: =VLOOKUP(E65,Tarifas!$B$3:$E$16,4)/100 -> 0.1792 | F68: =VLOOKUP(F65,Tarifas!$B$3:$E$16,4)/100 -> 0.1088 | G68: =VLOOKUP(G65,Tarifas!$B$3:$E$16,4)/100 -> 0.1088 | H68: =VLOOKUP(H65,Tarifas!$B$3:$E$16,4)/100 -> 0.2136 | I68: =VLOOKUP(I65,Tarifas!$B$3:$E$16,4)/100 -> 0.1088 | J68: =VLOOKUP(J65,Tarifas!$B$3:$E$16,4)/100 -> 0.2136 | K68: =VLOOKUP(K65,Tarifas!$B$3:$E$16,4)/100 -> 0.2352 | ... O68: =VLOOKUP(O65,Tarifas!$B$3:$E$16,4)/100 -> 0.3
A69: (=) | B69: Impuesto marginal | D69: =+D67*D68 -> 147.5479 | E69: =+E67*E68 -> 326.7479 | F69: =+F67*F68 -> 220.76282 | G69: =+G67*G68 -> 340.44282 | H69: =+H67*H68 -> 1840.9159 | I69: =+I67*I68 -> 133.72282 | J69: =+J67*J68 -> 1840.9159 | K69: =+K67*K68 -> 943.50245 | ... O69: =+O67*O68 -> 738.723
A70: (+) | B70: Cuota fija | D70: =VLOOKUP(D65,Tarifas!$B$3:$E$16,3) -> 1022.01 | E70: =VLOOKUP(E65,Tarifas!$B$3:$E$16,3) -> 1022.01 | F70: =VLOOKUP(F65,Tarifas!$B$3:$E$16,3) -> 321.26 | G70: =VLOOKUP(G65,Tarifas!$B$3:$E$16,3) -> 321.26 | H70: =VLOOKUP(H65,Tarifas!$B$3:$E$16,3) -> 1417.12 | I70: =VLOOKUP(I65,Tarifas!$B$3:$E$16,3) -> 321.26 | J70: =VLOOKUP(J65,Tarifas!$B$3:$E$16,3) -> 1417.12 | K70: =VLOOKUP(K65,Tarifas!$B$3:$E$16,3) -> 4323.58 | ... O70: =VLOOKUP(O65,Tarifas!$B$3:$E$16,3) -> 7980.73
A71: (=) | B71: ISR a retener | D71: =+D69+D70 -> 1169.5579 | E71: =+E69+E70 -> 1348.7579 | F71: =+F69+F70 -> 542.02282 | G71: =+G69+G70 -> 661.70282 | H71: =+H69+H70 -> 3258.0359 | I71: =+I69+I70 -> 454.98282 | J71: =+J69+J70 -> 3258.0359 | K71: =+K69+K70 -> 5267.0824 | ... O71: =+O69+O70 -> 8719.453 | P71: =SUM(D71:O71) -> 28811.888
B76: V. Pagos por separación Art. 93, fracción XIII y Art. 96, párrafo sexto de la LISR
B77: Pagos por separación | E77: Importes | I77: Concepto | K77: Importes | N77: Importes para declaración anual
B78: UMA | E78: =+G16 -> 89.62 | I78: USMO | K78: 5000 | N78: USMO | P78: =+K78 -> 5000
B79: Pagos por separación | E79: 97533.11 | H79: (+) | I79: Límite inferior | K79: =VLOOKUP(K78,Tarifas!$B$3:$E$16,1) -> 644.59 | N79: Pagos por separación | P79: =+E79 -> 97533.11
B80: Antigüedad (años base) | E80: 11 | H80: (=) | I80: Excedente | K80: =+K78-K79 -> 4355.41 | N80: Antigüedad (años base) | P80: =+E80 -> 11
B81: Parte exenta | E81: =ROUND((E78*90)*E80,0) -> 88724 | F81: (89.62 x 90 x 11) | H81: (x) | I81: % sobre excedente | K81: =VLOOKUP(K78,Tarifas!$B$3:$E$16,4)/100 -> 0.064 | N81: Parte exenta | P81: =ROUND((E78*90)*P80,0) -> 88724
B82: Parte gravada | E82: =+E79-E81 -> 8809.11 | H82: (=) | I82: Impuesto marginal | K82: =+K80*K81 -> 278.74624 | N82: Parte gravada | P82: =+P79-P81 -> 8809.11
H83: (+) | I83: Cuota fija | K83: =VLOOKUP(K78,Tarifas!$B$3:$E$16,3) -> 12.38
B84: Impuesto USMO | E84: =+K84 -> 291.12624 | H84: (=) | I84: ISR a retener | K84: =+K82+K83 -> 291.12624 | N84: Importes para declaración anual
A85: (÷) | B85: USMO | E85: =+K78 -> 5000 | N85: Parte gravada | P85: =+P82 -> 8809.11
A86: (=) | B86: Cociente | E86: =TRUNC(E84/E85, 4) -> 0.0582 | M86: (-) | N86: USMO | P86: =+P78 -> 5000
A87: (x) | B87: Por 100 | E87: 100 | M87: (=) | N87: Parte no acumulable | P87: =+P85-P86 -> 3809.11
A88: (=) | B88: Tasa efectiva | E88: =+E86*E87/100 -> 0.0582
N89: Parte acumulable | P89: =+P86 -> 5000
B90: Pagos por separación gravados | E90: =+E82 -> 8809.11 | N90: Parte no acumulable | P90: =+P87 -> 3809.11
A91: (x) | B91: Tasa efectiva | E91: =+E88 -> 0.0582
A92: (=) | B92: Retención de ISR | E92: =+E90*E91 -> 512.6902
B96: VI. Datos para declaración anual | I96: VII. Deducciones personales
B97: Conceptos | E97: Montos | F97: Exento | I97: Conceptos | L97: Montos | M97: Máximo | N97: Deducible
B98: Ingresos por salarios | E98: =+P26 -> 93600 | F98: 0 | I98: Gastos médicos | L98: 25000 | M98: 0 | N98: =+L98 -> 25000
A99: (+) | B99: PTU | E99: =+E41 -> 8500 | F99: =+E43 -> 1344.3 | H99: (+) | I99: Gastos funerarios | L99: 0 | M99: 32693.4 | N99: =+L99 -> 0
A100: (+) | B100: Aguinaldo | E100: =+E55 -> 3900 | F100: =+E57 -> 2688.6 | H100: (+) | I100: Intereses reales por créditos hipotecarios | L100: 18000 | M100: 0 | N100: =+L100 -> 18000
A101: (+) | B101: Prima vacacional | E101: =+E48 -> 390 | F101: =+E50 -> 390 | H101: (+) | I101: Seguro de gastos médicos | L101: 3062 | N101: =+L101 -> 3062
A102: (+) | B102: Asimilados a salarios | E102: =+P65 -> 206000 | F102: 0 | H102: (+) | I102: Aportaciones complementarias de retiro | L102: 15000 | M102: =+E118*0.1 -> 31296.71 | N102: =+L102 -> 15000
A103: (+) | B103: Pagos por separación | E103: =+E79 -> 97533.11 | F103: =+E81 -> 88724 | H103: (+) | I103: Impuesto local por salarios | L103: 0 | M103: 0 | N103: 0
A104: (=) | B104: Total de ingresos por salarios | E104: =SUM(E98:E103) -> 409923.11 | F104: =SUM(F98:F103) -> 93146.9 | H104: (=) | I104: Total de deducciones personales | L104: =SUM(L98:L103) -> 61062 | M104: =SUM(M98:M103) -> 63990.11 | N104: =SUM(N98:N103) -> 61062
B106: 15% de ingresos (incluyendo exentos) | E106: =+E104*0.15 -> 61488.466 | I106: VIII. Estímulos fiscales
B107: 5 veces UMA elevada al año | E107: =5*G17 -> 163467 | I107: Conceptos | L107: Montos | M107: Máximo | N107: Deducible
I108: Cuentas personales especiales | L108: 0 | M108: 152000 | N108: =+L108 -> 0
B109: Tope para deducciones personales | E109: =+E106 -> 61488.466 | H109: (+) | I109: Colegiaturas 1 alumno bachillerato | L109: 38000 | M109: 24500 | N109: =+M109 -> 24500
H110: (=) | I110: Total de estímulos | L110: =SUM(L108:L109) -> 38000 | M110: =SUM(M108:M109) -> 176500 | N110: =SUM(N108:N109) -> 24500
B112: X. Cálculo ISR de ingresos acumulables Art. 152 LISR | I112: IX. Acumulados retenciones y SPE
B113: Conceptos | E113: Importes | I113: Conceptos | L113: Montos
B114: Total de ingresos por salarios | E114: =+E104 -> 409923.11 | I114: ISR de salarios | L114: =+P36 -> 8206.4647
A115: (-) | B115: Ingresos exentos | E115: =+F104 -> 93146.9 | H115: (+) | I115: ISR de asimilados | L115: =+P71 -> 28811.888
A116: (=) | B116: Ingresos gravados | E116: =+E114-E115 -> 316776.21 | H116: (+) | I116: ISR de pagos por separación | L116: =+E92 -> 512.6902
A117: (-) | B117: Ingresos no acumulables | E117: =+L119 -> 3809.11 | H117: (=) | I117: Total retenciones de ISR | L117: =SUM(L114:L116) -> 37531.043
A118: (=) | B118: Ingresos gravados acumulables | E118: =+E116-E117 -> 312967.1
A119: (-) | B119: Deducciones personales | E119: =+N104+N110 -> 85562 | I119: Ingresos gravados no acumulables | L119: =+P90 -> 3809.11
A120: (=) | B120: Ingresos base | E120: =+E118-E119 -> 227405.1 | I120: SPE que correspondió al trabajador | L120: =+P35 -> 0
A121: (-) | B121: Límite inferior | E121: =VLOOKUP(E120,Tarifas!N3:Q16,1) -> 160577.66
A122: (=) | B122: Excedente | E122: =+E120-E121 -> 66827.44 | I122: XI. ISR de ingresos no acumulables Art. 95 LISR
A123: (x) | B123: % sobre excedente | E123: =VLOOKUP(E120,Tarifas!N3:Q16,4)/100 -> 0.2136 | I123: Conceptos | L123: Importes
A124: (=) | B124: Impuesto marginal | E124: =+E122*E123 -> 14274.341 | I124: Impuesto Fracción I Art. 95 LISR | L124: =+E126 -> 31279.811
A125: (+) | B125: Cuota fija | E125: =VLOOKUP(E120,Tarifas!N3:Q16,3) -> 17005.47 | H125: (÷) | I125: Cantidad a la que se aplicó tarifa | L125: =+E120 -> 227405.1
A126: (=) | B126: ISR determinado | E126: =+E124+E125 -> 31279.811 | H126: (=) | I126: Cociente | L126: =TRUNC(L124/L125, 4) -> 0.1375
A127: (-) | B127: SPE que correspondió | E127: =+L120 -> 0 | H127: (x) | I127: Por 100 | L127: 100
A128: (=) | B128: ISR de ingresos acumulables | E128: =+E126-E127 -> 31279.811 | H128: (=) | I128: Tasa efectiva | L128: =+L126*L127/100 -> 0.1375
I130: Parte gravada no acumulable | L130: =+L119 -> 3809.11
B131: XII. Resumen ISR del ejercicio Art. 95 LISR | H131: (x) | I131: Tasa efectiva | L131: =+L128 -> 0.1375
B132: Conceptos | E132: Importes | H132: (=) | I132: ISR de ingresos no acumulables | L132: =+L130*L131 -> 523.75263
B133: ISR de ingresos acumulables | E133: =+E128 -> 31279.811
...

Sheet Caso 3
B10: 3. Caso de ingresos por salarios con viáticos, intereses y préstamos
B12: I. Datos
B13: Información permanente | E13: 2019 | F13: 2020 | G13: 2021
B14: Salario Mínimo General | E14: 102.68 | F14: 123.22 | G14: 141.7
B15: Salario Mínimo General RFN | E15: 176.72 | F15: 185.56 | G15: 213.39
B16: UMA diaria | E16: 84.49 | F16: 86.88 | G16: 89.62
B17: UMA anual | E17: 30822 | F17: 31693.8 | G17: 32693.4
B20: Concepto | D20: LISR | E20: LFT | F20: LSS | G20: LISR
B21: Salario mensual | E21: 8000 | F21: 8000 | G21: 8000
B22: Salario cuota diaria | E22: =+E21/30 -> 266.66667 | F22: =+F21/30 -> 266.66667 | G22: =+G21/30.4 -> 263.15789
B24: II. Cálculo de ISR
B25: Concepto | D25: Enero | E25: Febrero | F25: Marzo | G25: Abril | H25: Mayo | I25: Junio | J25: Julio | K25: Agosto | L25: Septiembre | M25: Octubre | N25: Noviembre | O25: Diciembre | P25: Totales
B26: Salario mensual | D26: =+$G$21 -> 8000 | E26: =+$G$21 -> 8000 | F26: =+$G$21 -> 8000 | G26: =+$G$21 -> 8000 | H26: =+$G$21 -> 8000 | I26: =+$G$21 -> 8000 | J26: =+$G$21 -> 8000 | K26: =+$G$21 -> 8000 | ... O26: =+$G$21 -> 8000 | P26: =SUM(D26:O26) -> 96000
A27: (+) | B27: Otras percepciones | D27: 0 | E27: 0 | F27: 0 | G27: 0 | H27: 0 | I27: 0 | J27: 0 | K27: 0 | L27: 0 | M27: 0 | N27: 0 | O27: =+E53 -> 1311.4
A28: (=) | B28: Base gravable | D28: =+D26+D27 -> 8000 | E28: =+E26+E27 -> 8000 | F28: =+F26+F27 -> 8000 | G28: =+G26+G27 -> 8000 | H28: =+H26+H27 -> 8000 | I28: =+I26+I27 -> 8000 | J28: =+J26+J27 -> 8000 | K28: =+K26+K27 -> 8000 | ... O28: =+O26+O27 -> 9311.4
A29: (-) | B29: Límite inferior | D29: =VLOOKUP(D28,Tarifas!$B$3:$E$16,1) -> 5470.93 | E29: =VLOOKUP(E28,Tarifas!$B$3:$E$16,1) -> 5470.93 | F29: =VLOOKUP(F28,Tarifas!$B$3:$E$16,1) -> 5470.93 | G29: =VLOOKUP(G28,Tarifas!$B$3:$E$16,1) -> 5470.93 | H29: =VLOOKUP(H28,Tarifas!$B$3:$E$16,1) -> 5470.93 | I29: =VLOOKUP(I28,Tarifas!$B$3:$E$16,1) -> 5470.93 | J29: =VLOOKUP(J28,Tarifas!$B$3:$E$16,1) -> 5470.93 | K29: =VLOOKUP(K28,Tarifas!$B$3:$E$16,1) -> 5470.93 | ... O29: =VLOOKUP(O28,Tarifas!$B$3:$E$16,1) -> 5470.93
A30: (=) | B30: Excedente | D30: =+D28-D29 -> 2529.07 | E30: =+E28-E29 -> 2529.07 | F30: =+F28-F29 -> 2529.07 | G30: =+G28-G29 -> 2529.07 | H30: =+H28-H29 -> 2529.07 | I30: =+I28-I29 -> 2529.07 | J30: =+J28-J29 -> 2529.07 | K30: =+K28-K29 -> 2529.07 | ... O30: =+O28-O29 -> 3840.47
A31: (x) | B31: % sobre excedente | D31: =VLOOKUP(D28,Tarifas!$B$3:$E$16,4)/100 -> 0.1088 | E31: =VLOOKUP(E28,Tarifas!$B$3:$E$16,4)/100 -> 0.1088 | F31: =VLOOKUP(F28,Tarifas!$B$3:$E$16,4)/100 -> 0.1088 | G31: =VLOOKUP(G28,Tarifas!$B$3:$E$16,4)/100 -> 0.1088 | H31: =VLOOKUP(H28,Tarifas!$B$3:$E$16,4)/100 -> 0.1088 | I31: =VLOOKUP(I28,Tarifas!$B$3:$E$16,4)/100 -> 0.1088 | J31: =VLOOKUP(J28,Tarifas!$B$3:$E$16,4)/100 -> 0.1088 | K31: =VLOOKUP(K28,Tarifas!$B$3:$E$16,4)/100 -> 0.1088 | ... O31: =VLOOKUP(O28,Tarifas!$B$3:$E$16,4)/100 -> 0.1088
A32: (=) | B32: Impuesto marginal | D32: =+D30*D31 -> 275.16282 | E32: =+E30*E31 -> 275.16282 | F32: =+F30*F31 -> 275.16282 | G32: =+G30*G31 -> 275.16282 | H32: =+H30*H31 -> 275.16282 | I32: =+I30*I31 -> 275.16282 | J32: =+J30*J31 -> 275.16282 | K32: =+K30*K31 -> 275.16282 | ... O32: =+O30*O31 -> 417.84314
A33: (+) | B33: Cuota fija | D33: =VLOOKUP(D28,Tarifas!$B$3:$E$16,3) -> 321.26 | E33: =VLOOKUP(E28,Tarifas!$B$3:$E$16,3) -> 321.26 | F33: =VLOOKUP(F28,Tarifas!$B$3:$E$16,3) -> 321.26 | G33: =VLOOKUP(G28,Tarifas!$B$3:$E$16,3) -> 321.26 | H33: =VLOOKUP(H28,Tarifas!$B$3:$E$16,3) -> 321.26 | I33: =VLOOKUP(I28,Tarifas!$B$3:$E$16,3) -> 321.26 | J33: =VLOOKUP(J28,Tarifas!$B$3:$E$16,3) -> 321.26 | K33: =VLOOKUP(K28,Tarifas!$B$3:$E$16,3) -> 321.26 | ... O33: =VLOOKUP(O28,Tarifas!$B$3:$E$16,3) -> 321.26
A34: (=) | B34: ISR determinado | D34: =+D32+D33 -> 596.42282 | E34: =+E32+E33 -> 596.42282 | F34: =+F32+F33 -> 596.42282 | G34: =+G32+G33 -> 596.42282 | H34: =+H32+H33 -> 596.42282 | I34: =+I32+I33 -> 596.42282 | J34: =+J32+J33 -> 596.42282 | K34: =+K32+K33 -> 596.42282 | ... O34: =+O32+O33 -> 739.10314
A35: (-) | B35: Subsidio para el empleo | D35: =VLOOKUP(D28,Tarifas!$B$20:$D$33,3) -> 0 | E35: =VLOOKUP(E28,Tarifas!$B$20:$D$33,3) -> 0 | F35: =VLOOKUP(F28,Tarifas!$B$20:$D$33,3) -> 0 | G35: =VLOOKUP(G28,Tarifas!$B$20:$D$33,3) -> 0 | H35: =VLOOKUP(H28,Tarifas!$B$20:$D$33,3) -> 0 | I35: =VLOOKUP(I28,Tarifas!$B$20:$D$33,3) -> 0 | J35: =VLOOKUP(J28,Tarifas!$B$20:$D$33,3) -> 0 | K35: =VLOOKUP(K28,Tarifas!$B$20:$D$33,3) -> 0 | ... O35: =VLOOKUP(O28,Tarifas!$B$20:$D$33,3) -> 0 | P35: =SUM(D35:O35) -> 0
A36: (=) | B36: ISR a retener | D36: =+D34-D35 -> 596.42282 | E36: =+E34-E35 -> 596.42282 | F36: =+F34-F35 -> 596.42282 | G36: =+G34-G35 -> 596.42282 | H36: =+H34-H35 -> 596.42282 | I36: =+I34-I35 -> 596.42282 | J36: =+J34-J35 -> 596.42282 | K36: =+K34-K35 -> 596.42282 | ... O36: =+O34-O35 -> 739.10314 | P36: =SUM(D36:O36) -> 7299.7541
B39: III. Partes exentas de pagos por salarios y en general por un servicio personal subordinado
B42: Cálculo de prima vacacional | E42: Importes
B43: Importe de prima vacacional | E43: =E22*(6*0.25) -> 400 | F43: (266.67 x 8 días x 25%)
B44: UMA | E44: =+G16 -> 89.62
B45: Prima vacacional exenta | E45: =IF(E43>(E44*30),E44*15,E43) -> 400 | F45: (89.62 x 15 días) | H45: Art. 80 LFT, Art. 93, fracción XIV LISR
B46: Prima vacacional gravada | E46: =+E43-E45 -> 0
B49: Cálculo del aguinaldo | E49: Importes
B50: Importe del aguinaldo | E50: =+E22*15 -> 4000 | F50: (266.67 x 15 días)
B51: UMA | E51: =+G16 -> 89.62
B52: Aguinaldo exento | E52: =IF(E50>(E51*30),E51*30,E50) -> 2688.6 | F52: (89.62 x 30 días) | H52: Art. 87 LFT, Art. 93, fracción XIV LISR
B53: Aguinaldo gravado | E53: =+E50-E52 -> 1311.4
B56: Viáticos 2021 | E56: Importes
B57: Viáticos entregados | E57: 13268 | F57: 1 Dispersión en el año
B58: Viáticos comprobados | E58: 11000
B59: Viaticos no comprobados | E59: =+E57-E58 -> 2268 | F59: Alimentación | H59: Art. 93, fracción XVII, Art. 28, fracción V LISR y Art. 152 RLISR
B60: ¿Viáticos gravados? | E60: =+E59 -> 2268
B65: IV. Intereses Art. 134 y 135 LISR
B67: IV.I Inversión con tasa nominal del 7% anual sin reinversión de intereses | L67: IV.III Ajuste por inflación e intereses reales
C68: Monto | G68: Saldo | H68: Intereses | I68: Retención | L68: Concepto | O68: Importe
B69: Mes | C69: Inversión | D69: Días | E69: Saldos diarios | F69: Días | G69: promedio | H69: nominales | I69: ISR | L69: Saldo promedio diario de la inversión | O69: =+G82 -> 25000
B70: Enero | C70: 25000 | D70: 31 | E70: =+C70*D70 -> 775000 | F70: 31 | G70: =+E70/F70 -> 25000 | H70: =0.07/12*C70 -> 145.83333 | I70: =0.0097/12*C70 -> 20.208333 | K70: (x) | L70: Factor de ajuste | O70: =+H86 -> 0.0644
B71: Febrero | C71: 25000 | D71: 29 | E71: =+C71*D71 -> 725000 | F71: 29 | G71: =+E71/F71 -> 25000 | H71: =0.07/12*C71 -> 145.83333 | I71: =0.0097/12*C71 -> 20.208333 | K71: (=) | L71: Ajuste por inflación correspondiente | O71: =+O69*O70 -> 1610
B72: Marzo | C72: 25000 | D72: 31 | E72: =+C72*D72 -> 775000 | F72: 31 | G72: =+E72/F72 -> 25000 | H72: =0.07/12*C72 -> 145.83333 | I72: =0.0097/12*C72 -> 20.208333
B73: Abril | C73: 25000 | D73: 30 | E73: =+C73*D73 -> 750000 | F73: 30 | G73: =+E73/F73 -> 25000 | H73: =0.07/12*C73 -> 145.83333 | I73: =0.0097/12*C73 -> 20.208333
B74: Mayo | C74: 25000 | D74: 31 | E74: =+C74*D74 -> 775000 | F74: 31 | G74: =+E74/F74 -> 25000 | H74: =0.07/12*C74 -> 145.83333 | I74: =0.0097/12*C74 -> 20.208333 | L74: Concepto | O74: Importe
B75: Junio | C75: 25000 | D75: 30 | E75: =+C75*D75 -> 750000 | F75: 30 | G75: =+E75/F75 -> 25000 | H75: =0.07/12*C75 -> 145.83333 | I75: =0.0097/12*C75 -> 20.208333 | L75: Intereses nominales percibidos | O75: =+C70*0.07 -> 1750
B76: Julio | C76: 25000 | D76: 31 | E76: =+C76*D76 -> 775000 | F76: 31 | G76: =+E76/F76 -> 25000 | H76: =0.07/12*C76 -> 145.83333 | I76: =0.0097/12*C76 -> 20.208333 | K76: (-) | L76: Ajuste por inflación correspondiente | O76: =+O71 -> 1610
B77: Agosto | C77: 25000 | D77: 31 | E77: =+C77*D77 -> 775000 | F77: 31 | G77: =+E77/F77 -> 25000 | H77: =0.07/12*C77 -> 145.83333 | I77: =0.0097/12*C77 -> 20.208333 | K77: (=) | L77: Interes real acumulable | O77: =+O75-O76 -> 140
B78: Septiembre | C78: 25000 | D78: 30 | E78: =+C78*D78 -> 750000 | F78: 30 | G78: =+E78/F78 -> 25000 | H78: =0.07/12*C78 -> 145.83333 | I78: =0.0097/12*C78 -> 20.208333
B79: Octubre | C79: 25000 | D79: 31 | E79: =+C79*D79 -> 775000 | F79: 31 | G79: =+E79/F79 -> 25000 | H79: =0.07/12*C79 -> 145.83333 | I79: =0.0097/12*C79 -> 20.208333
B80: Noviembre | C80: 25000 | D80: 30 | E80: =+C80*D80 -> 750000 | F80: 30 | G80: =+E80/F80 -> 25000 | H80: =0.07/12*C80 -> 145.83333 | I80: =0.0097/12*C80 -> 20.208333 | L80: Los datos de intereses nominales, intereses reales y
B81: Diciembre | C81: 25000 | D81: 31 | E81: =+C81*D81 -> 775000 | F81: 31 | G81: =+E81/F81 -> 25000 | H81: =0.07/12*C81 -> 145.83333 | I81: =0.0097/12*C81 -> 20.208333 | L81: retención de ISR, los proporciona la entidad financiera
E82: =SUM(E70:E81) -> 9150000 | F82: =SUM(F70:F81) -> 366 | G82: =+E82/F82 -> 25000 | H82: =SUM(H70:H81) -> 1750 | I82: =SUM(I70:I81) -> 242.5 | L82: que paga los intereses, a través de una constancia
B84: IV.II Factor de ajuste | H84: Factor
B86: INPC mes más reciente (Dic-21) | E86: =+INPC!B654 -> 117.308 | F86: =TRUNC(E86/E87, 4) -> 1.0644 | G86: =-(1) -> -1 | H86: =+F86+G86 -> 0.0644
B87: INPC 1er mes del periodo (Ene-21) | E87: =+INPC!B643 -> 110.21
B92: V. Otros conceptos percibidos durante 2021
B94: Durante el ejercicio 2021 el contribuyente obtuvo préstamos en cantidad de $290,000.00 | I94: *Se declara en datos informativos
B95: El contribuyente también recibió un donativo de su abuelo en cantidad de $500,000.00 | I95: *Se declara como ingreso exento y en datos informativos
B99: VI. Datos para declaración anual | I99: VII. Deducciones personales
B100: Conceptos | E100: Montos | F100: Exento | I100: Conceptos | L100: Montos | M100: Máximo | N100: Deducible
B101: Ingresos por salarios | E101: =+P26 -> 96000 | F101: 0 | I101: Gastos médicos | L101: 25000 | M101: 0 | N101: =+L101 -> 25000
A102: (+) | B102: Viáticos | E102: =+E57 -> 13268 | F102: 13268 | H102: (+) | I102: Gastos funerarios | L102: 0 | M102: 32693.4 | N102: =+L102 -> 0
A103: (+) | B103: Aguinaldo | E103: =+E50 -> 4000 | F103: =+E52 -> 2688.6 | H103: (+) | I103: Intereses reales por créditos hipotecarios | L103: 6985 | M103: 0 | N103: =+L103 -> 6985
A104: (+) | B104: Prima vacacional | E104: =+E43 -> 400 | F104: =+E45 -> 400 | H104: (+) | I104: Seguro de gastos médicos | L104: 3062 | N104: =+L104 -> 3062
A105: (+) | B105: Intereses reales | E105: =+O77 -> 140 | F105: 0 | H105: (+) | I105: Aportaciones complementarias de retiro | L105: 10000 | M105: =+E122*0.1 -> 9745.14 | N105: =+M105 -> 9745.14
A106: (+) | B106: Préstamos | E106: 0 | F106: 0 | H106: (+) | I106: Lentes ópticos graduados | L106: 3200 | M106: 2500 | N106: =+M106 -> 2500
A107: (+) | B107: Donativos | E107: 500000 | F107: 500000 | H107: (+) | I107: Impuesto local por salarios | L107: 0 | M107: 0 | N107: 0
A108: (=) | B108: Total de ingresos por salarios | E108: =SUM(E101:E107) -> 613808 | F108: =SUM(F101:F107) -> 516356.6 | H108: (=) | I108: Total de deducciones personales | L108: =SUM(L101:L107) -> 48247 | M108: =SUM(M101:M107) -> 44938.54 | N108: =SUM(N101:N107) -> 47292.14
B110: 15% de ingresos (incluyendo exentos) | E110: =+E108*0.15 -> 92071.2 | I110: VIII. Estímulos fiscales
B111: 5 veces UMA elevada al año | E111: =5*G17 -> 163467 | I111: Conceptos | L111: Montos | M111: Máximo | N111: Deducible
I112: Cuentas personales especiales | L112: 0 | M112: 152000 | N112: =+L112 -> 0
B113: Tope para deducciones personales | E113: =+E110 -> 92071.2 | H113: (+) | I113: Colegiaturas 1 alumno preescolar | L113: 22000 | M113: 14200 | N113: =+M113 -> 14200
H114: (=) | I114: Total de estímulos | L114: =SUM(L112:L113) -> 22000 | M114: =SUM(M112:M113) -> 166200 | N114: =SUM(N112:N113) -> 14200
B116: X. Cálculo ISR de ingresos acumulables Art. 152 LISR | I116: IX. Acumulados retenciones y SPE
B117: Conceptos | E117: Importes | I117: Conceptos | L117: Montos
B118: Total de ingresos | E118: =+E108 -> 613808 | I118: ISR de salarios | L118: =+P36 -> 7299.7541
A119: (-) | B119: Ingresos exentos | E119: =+F108 -> 516356.6 | H119: (+) | I119: ISR de intereses | L119: =+I82 -> 242.5
A120: (=) | B120: Ingresos gravados | E120: =+E118-E119 -> 97451.4 | H120: (+) | I120: ISR de pagos por separación | L120: 0
A121: (-) | B121: Ingresos no acumulables | E121: 0 | H121: (=) | I121: Total retenciones de ISR | L121: =SUM(L118:L120) -> 7542.2541
A122: (=) | B122: Ingresos gravados acumulables | E122: =+E120-E121 -> 97451.4
A123: (-) | B123: Deducciones personales | E123: =+N108+N114 -> 61492.14
A124: (=) | B124: Ingresos base | E124: =+E122-E123 -> 35959.26
A125: (-) | B125: Límite inferior | E125: =VLOOKUP(E124,Tarifas!N3:Q16,1) -> 7735.01
A126: (=) | B126: Excedente | E126: =+E124-E125 -> 28224.25
A127: (x) | B127: % sobre excedente | E127: =VLOOKUP(E124,Tarifas!N3:Q16,4)/100 -> 0.064
A128: (=) | B128: Impuesto marginal | E128: =+E126*E127 -> 1806.352
A129: (+) | B129: Cuota fija | E129: =VLOOKUP(E124,Tarifas!N3:Q16,3) -> 148.51
A130: (=) | B130: ISR determinado | E130: =+E128+E129 -> 1954.862
A131: (-) | B131: SPE que correspondió | E131: =+L124 -> 0
A132: (-) | B132: Retenciones del ejercicio | E132: =+L121 -> 7542.2541
A133: (=) | B133: ISR a cargo o saldo a favor | E133: =+E130-E131-E132 -> -5587.3921

Sheet Caso 4
B10: 4. Caso de ingresos por salarios con honorarios y arrendamiento
B12: I. Datos
B13: Información permanente | E13: 2019 | F13: 2020 | G13: 2021
B14: Salario Mínimo General | E14: 102.68 | F14: 123.22 | G14: 141.7
B15: Salario Mínimo General RFN | E15: 176.72 | F15: 185.56 | G15: 213.39
B16: UMA diaria | E16: 84.49 | F16: 86.88 | G16: 89.62
B17: UMA anual | E17: 30822 | F17: 31693.8 | G17: 32693.4
B20: Concepto | D20: LISR | E20: LFT | F20: LSS | G20: LISR
B21: Salario mensual | E21: 8000 | F21: 8000 | G21: 8000
B22: Salario cuota diaria | E22: =+E21/30 -> 266.66667 | F22: =+F21/30 -> 266.66667 | G22: =+G21/30.4 -> 263.15789
B24: II. Cálculo de ISR
B25: Concepto | D25: Enero | E25: Febrero | F25: Marzo | G25: Abril | H25: Mayo | I25: Junio | J25: Julio | K25: Agosto | L25: Septiembre | M25: Octubre | N25: Noviembre | O25: Diciembre | P25: Totales
B26: Salario mensual | D26: =+$G$21 -> 8000 | E26: =+$G$21 -> 8000 | F26: =+$G$21 -> 8000 | G26: =+$G$21 -> 8000 | H26: =+$G$21 -> 8000 | I26: =+$G$21 -> 8000 | J26: =+$G$21 -> 8000 | K26: =+$G$21 -> 8000 | ... O26: =+$G$21 -> 8000 | P26: =SUM(D26:O26) -> 96000
A27: (+) | B27: Otras percepciones | D27: 0 | E27: 0 | F27: 0 | G27: 0 | H27: 0 | I27: 0 | J27: 0 | K27: 0 | L27: 0 | M27: 0 | N27: 0 | O27: =+E53 -> 1311.4
A28: (=) | B28: Base gravable | D28: =+D26+D27 -> 8000 | E28: =+E26+E27 -> 8000 | F28: =+F26+F27 -> 8000 | G28: =+G26+G27 -> 8000 | H28: =+H26+H27 -> 8000 | I28: =+I26+I27 -> 8000 | J28: =+J26+J27 -> 8000 | K28: =+K26+K27 -> 8000 | ... O28: =+O26+O27 -> 9311.4
A29: (-) | B29: Límite inferior | D29: =VLOOKUP(D28,Tarifas!$B$3:$E$16,1) -> 5470.93 | E29: =VLOOKUP(E28,Tarifas!$B$3:$E$16,1) -> 5470.93 | F29: =VLOOKUP(F28,Tarifas!$B$3:$E$16,1) -> 5470.93 | G29: =VLOOKUP(G28,Tarifas!$B$3:$E$16,1) -> 5470.93 | H29: =VLOOKUP(H28,Tarifas!$B$3:$E$16,1) -> 5470.93 | I29: =VLOOKUP(I28,Tarifas!$B$3:$E$16,1) -> 5470.93 | J29: =VLOOKUP(J28,Tarifas!$B$3:$E$16,1) -> 5470.93 | K29: =VLOOKUP(K28,Tarifas!$B$3:$E$16,1) -> 5470.93 | ... O29: =VLOOKUP(O28,Tarifas!$B$3:$E$16,1) -> 5470.93
A30: (=) | B30: Excedente | D30: =+D28-D29 -> 2529.07 | E30: =+E28-E29 -> 2529.07 | F30: =+F28-F29 -> 2529.07 | G30: =+G28-G29 -> 2529.07 | H30: =+H28-H29 -> 2529.07 | I30: =+I28-I29 -> 2529.07 | J30: =+J28-J29 -> 2529.07 | K30: =+K28-K29 -> 2529.07 | ... O30: =+O28-O29 -> 3840.47
A31: (x) | B31: % sobre excedente | D31: =VLOOKUP(D28,Tarifas!$B$3:$E$16,4)/100 -> 0.1088 | E31: =VLOOKUP(E28,Tarifas!$B$3:$E$16,4)/100 -> 0.1088 | F31: =VLOOKUP(F28,Tarifas!$B$3:$E$16,4)/100 -> 0.1088 | G31: =VLOOKUP(G28,Tarifas!$B$3:$E$16,4)/100 -> 0.1088 | H31: =VLOOKUP(H28,Tarifas!$B$3:$E$16,4)/100 -> 0.1088 | I31: =VLOOKUP(I28,Tarifas!$B$3:$E$16,4)/100 -> 0.1088 | J31: =VLOOKUP(J28,Tarifas!$B$3:$E$16,4)/100 -> 0.1088 | K31: =VLOOKUP(K28,Tarifas!$B$3:$E$16,4)/100 -> 0.1088 | ... O31: =VLOOKUP(O28,Tarifas!$B$3:$E$16,4)/100 -> 0.1088
A32: (=) | B32: Impuesto marginal | D32: =+D30*D31 -> 275.16282 | E32: =+E30*E31 -> 275.16282 | F32: =+F30*F31 -> 275.16282 | G32: =+G30*G31 -> 275.16282 | H32: =+H30*H31 -> 275.16282 | I32: =+I30*I31 -> 275.16282 | J32: =+J30*J31 -> 275.16282 | K32: =+K30*K31 -> 275.16282 | ... O32: =+O30*O31 -> 417.84314
A33: (+) | B33: Cuota fija | D33: =VLOOKUP(D28,Tarifas!$B$3:$E$16,3) -> 321.26 | E33: =VLOOKUP(E28,Tarifas!$B$3:$E$16,3) -> 321.26 | F33: =VLOOKUP(F28,Tarifas!$B$3:$E$16,3) -> 321.26 | G33: =VLOOKUP(G28,Tarifas!$B$3:$E$16,3) -> 321.26 | H33: =VLOOKUP(H28,Tarifas!$B$3:$E$16,3) -> 321.26 | I33: =VLOOKUP(I28,Tarifas!$B$3:$E$16,3) -> 321.26 | J33: =VLOOKUP(J28,Tarifas!$B$3:$E$16,3) -> 321.26 | K33: =VLOOKUP(K28,Tarifas!$B$3:$E$16,3) -> 321.26 | ... O33: =VLOOKUP(O28,Tarifas!$B$3:$E$16,3) -> 321.26
A34: (=) | B34: ISR determinado | D34: =+D32+D33 -> 596.42282 | E34: =+E32+E33 -> 596.42282 | F34: =+F32+F33 -> 596.42282 | G34: =+G32+G33 -> 596.42282 | H34: =+H32+H33 -> 596.42282 | I34: =+I32+I33 -> 596.42282 | J34: =+J32+J33 -> 596.42282 | K34: =+K32+K33 -> 596.42282 | ... O34: =+O32+O33 -> 739.10314
A35: (-) | B35: Subsidio para el empleo | D35: =VLOOKUP(D28,Tarifas!$B$20:$D$33,3) -> 0 | E35: =VLOOKUP(E28,Tarifas!$B$20:$D$33,3) -> 0 | F35: =VLOOKUP(F28,Tarifas!$B$20:$D$33,3) -> 0 | G35: =VLOOKUP(G28,Tarifas!$B$20:$D$33,3) -> 0 | H35: =VLOOKUP(H28,Tarifas!$B$20:$D$33,3) -> 0 | I35: =VLOOKUP(I28,Tarifas!$B$20:$D$33,3) -> 0 | J35: =VLOOKUP(J28,Tarifas!$B$20:$D$33,3) -> 0 | K35: =VLOOKUP(K28,Tarifas!$B$20:$D$33,3) -> 0 | ... O35: =VLOOKUP(O28,Tarifas!$B$20:$D$33,3) -> 0 | P35: =SUM(D35:O35) -> 0
A36: (=) | B36: ISR a retener | D36: =+D34-D35 -> 596.42282 | E36: =+E34-E35 -> 596.42282 | F36: =+F34-F35 -> 596.42282 | G36: =+G34-G35 -> 596.42282 | H36: =+H34-H35 -> 596.42282 | I36: =+I34-I35 -> 596.42282 | J36: =+J34-J35 -> 596.42282 | K36: =+K34-K35 -> 596.42282 | ... O36: =+O34-O35 -> 739.10314 | P36: =SUM(D36:O36) -> 7299.7541
B39: III. Partes exentas de pagos por salarios y en general por un servicio personal subordinado
B42: Cálculo de prima vacacional | E42: Importes
B43: Importe de prima vacacional | E43: =E22*(6*0.25) -> 400 | F43: (266.67 x 8 días x 25%)
B44: UMA | E44: =+G16 -> 89.62
B45: Prima vacacional exenta | E45: =IF(E43>(E44*30),E44*15,E43) -> 400 | F45: (89.62x 15 días) | H45: Art. 80 LFT, Art. 93, fracción XIV LISR
B46: Prima vacacional gravada | E46: =+E43-E45 -> 0
B49: Cálculo del aguinaldo | E49: Importes
B50: Importe del aguinaldo | E50: =+E22*15 -> 4000 | F50: (266.67 x 15 días)
B51: UMA | E51: =+G16 -> 89.62
B52: Aguinaldo exento | E52: =IF(E50>(E51*30),E51*30,E50) -> 2688.6 | F52: (89.62 x 30 días) | H52: Art. 87 LFT, Art. 93, fracción XIV LISR
B53: Aguinaldo gravado | E53: =+E50-E52 -> 1311.4
B58: IV. Actividad profesional por servicios prestados a personas morales | H58: Art.109 LISR
A60: Conceptos | F60: Enero | G60: Febrero | H60: Marzo | I60: Abril | J60: Mayo | K60: Junio | L60: Julio | M60: Agosto | N60: Septiembre | O60: Octubre | P60: Noviembre | Q60: Diciembre | R60: Total
B61: Ingresos por actividad empresarial | F61: 0 | G61: 0 | H61: 0 | I61: 0 | J61: 0 | K61: 0 | L61: 0 | M61: 0 | N61: 0 | O61: 0 | P61: 0 | Q61: 0 | R61: =SUM(F61:Q61) -> 0
A62: (+) | B62: Ingresos por actividad profesional | F62: 12500 | G62: 8900 | H62: 13600 | I62: 20000 | J62: 8965 | K62: 7500 | L62: 6200 | M62: 15000 | N62: 18000 | O62: 20000 | P62: 35000 | Q62: 25000 | R62: =SUM(F62:Q62) -> 190665
A63: (=) | B63: Total de ingresos | F63: =SUM(F61:F62) -> 12500 | G63: =SUM(G61:G62) -> 8900 | H63: =SUM(H61:H62) -> 13600 | I63: =SUM(I61:I62) -> 20000 | J63: =SUM(J61:J62) -> 8965 | K63: =SUM(K61:K62) -> 7500 | L63: =SUM(L61:L62) -> 6200 | M63: =SUM(M61:M62) -> 15000 | ... Q63: =SUM(Q61:Q62) -> 25000 | R63: =SUM(F63:Q63) -> 190665
B65: IV.I Pagos provisionales mensuales
A66: Conceptos | F66: Enero | G66: Febrero | H66: Marzo | I66: Abril | J66: Mayo | K66: Junio | L66: Julio | M66: Agosto | N66: Septiembre | O66: Octubre | P66: Noviembre | Q66: Diciembre | R66: Total
B67: Ingresos efectivamente percibidos en el mes | F67: =+F63 -> 12500 | G67: =+G63 -> 8900 | H67: =+H63 -> 13600 | I67: =+I63 -> 20000 | J67: =+J63 -> 8965 | K67: =+K63 -> 7500 | L67: =+L63 -> 6200 | M67: =+M63 -> 15000 | ... Q67: =+Q63 -> 25000 | R67: =SUM(F67:Q67) -> 190665
A68: (+) | B68: Ingresos de periodos anteriores | F68: 0 | G68: =+F69 -> 12500 | H68: =+G69 -> 21400 | I68: =+H69 -> 35000 | J68: =+I69 -> 55000 | K68: =+J69 -> 63965 | L68: =+K69 -> 71465 | M68: =+L69 -> 77665 | N68: =+M69 -> 92665 | ... Q68: =+P69 -> 165665
A69: (=) | B69: Total de ingresos | F69: =SUM(F67:F68) -> 12500 | G69: =SUM(G67:G68) -> 21400 | H69: =SUM(H67:H68) -> 35000 | I69: =SUM(I67:I68) -> 55000 | J69: =SUM(J67:J68) -> 63965 | K69: =SUM(K67:K68) -> 71465 | L69: =SUM(L67:L68) -> 77665 | M69: =SUM(M67:M68) -> 92665 | ... Q69: =SUM(Q67:Q68) -> 190665
B71: Deducciones efectivamente erogadas | F71: 6000 | G71: 8900 | H71: 12000 | I71: 10002 | J71: 7375 | K71: 6890 | L71: 9800 | M71: 13000 | N71: 17900 | O71: 16000 | P71: 21000 | Q71: 8000 | R71: =SUM(F71:Q71) -> 136867
A72: (+) | B72: Deducciones de periodos anteriores | F72: 0 | G72: =+F73 -> 6000 | H72: =+G73 -> 14900 | I72: =+H73 -> 26900 | J72: =+I73 -> 36902 | K72: =+J73 -> 44277 | L72: =+K73 -> 51167 | M72: =+L73 -> 60967 | N72: =+M73 -> 73967 | ... Q72: =+P73 -> 128867
A73: (=) | B73: Total de deducciones autorizadas | F73: =SUM(F71:F72) -> 6000 | G73: =SUM(G71:G72) -> 14900 | H73: =SUM(H71:H72) -> 26900 | I73: =SUM(I71:I72) -> 36902 | J73: =SUM(J71:J72) -> 44277 | K73: =SUM(K71:K72) -> 51167 | L73: =SUM(L71:L72) -> 60967 | M73: =SUM(M71:M72) -> 73967 | ... Q73: =SUM(Q71:Q72) -> 136867
B75: Retenciones efectuadas | F75: =+F67*0.1 -> 1250 | G75: =+G67*0.1 -> 890 | H75: =+H67*0.1 -> 1360 | I75: =+I67*0.1 -> 2000 | J75: =+J67*0.1 -> 896.5 | K75: =+K67*0.1 -> 750 | L75: =+L67*0.1 -> 620 | M75: =+M67*0.1 -> 1500 | ... Q75: =+Q67*0.1 -> 2500 | R75: =SUM(F75:Q75) -> 19066.5
A76: (+) | B76: Retenciones periodos anteriores | F76: 0 | G76: =+F77 -> 1250 | H76: =+G77 -> 2140 | I76: =+H77 -> 3500 | J76: =+I77 -> 5500 | K76: =+J77 -> 6396.5 | L76: =+K77 -> 7146.5 | M76: =+L77 -> 7766.5 | N76: =+M77 -> 9266.5 | ... Q76: =+P77 -> 16566.5
A77: (=) | B77: Total de retenciones efectuadas | F77: =SUM(F75:F76) -> 1250 | G77: =SUM(G75:G76) -> 2140 | H77: =SUM(H75:H76) -> 3500 | I77: =SUM(I75:I76) -> 5500 | J77: =SUM(J75:J76) -> 6396.5 | K77: =SUM(K75:K76) -> 7146.5 | L77: =SUM(L75:L76) -> 7766.5 | M77: =SUM(M75:M76) -> 9266.5 | ... Q77: =SUM(Q75:Q76) -> 19066.5
B79: Ingresos menos deducciones | F79: =+F69-F73 -> 6500 | G79: =+G69-G73 -> 6500 | H79: =+H69-H73 -> 8100 | I79: =+I69-I73 -> 18098 | J79: =+J69-J73 -> 19688 | K79: =+K69-K73 -> 20298 | L79: =+L69-L73 -> 16698 | M79: =+M69-M73 -> 18698 | ... Q79: =+Q69-Q73 -> 53798
A80: (-) | B80: PTU pagada en el ejercicio | F80: 0 | G80: 0 | H80: 0 | I80: 0 | J80: 0 | K80: 0 | L80: 0 | M80: 0 | N80: 0 | O80: 0 | P80: 0 | Q80: 0
A81: (-) | B81: Pérdidas fiscales ejercicios anteiores | F81: 0 | G81: 0 | H81: 0 | I81: 0 | J81: 0 | K81: 0 | L81: 0 | M81: 0 | N81: 0 | O81: 0 | P81: 0 | Q81: 0
A82: (=) | B82: Base gravable acumulada | F82: =+F79-F80-F81 -> 6500 | G82: =+G79-G80-G81 -> 6500 | H82: =+H79-H80-H81 -> 8100 | I82: =+I79-I80-I81 -> 18098 | J82: =+J79-J80-J81 -> 19688 | K82: =+K79-K80-K81 -> 20298 | L82: =+L79-L80-L81 -> 16698 | M82: =+M79-M80-M81 -> 18698 | ... Q82: =+Q79-Q80-Q81 -> 53798
A83: (-) | B83: Límite inferior | F83: =VLOOKUP(F82,Tarifas!B39:E52,1) -> 5470.93 | G83: =VLOOKUP(G82,Tarifas!B56:E69,1) -> 1289.17 | H83: =VLOOKUP(H82,Tarifas!B73:E86,1) -> 1933.75 | I83: =VLOOKUP(I82,Tarifas!H39:K52,1) -> 2578.33 | J83: =VLOOKUP(J82,Tarifas!H56:K69,1) -> 3222.91 | K83: =VLOOKUP(K82,Tarifas!H73:K86,1) -> 3867.49 | L83: =VLOOKUP(L82,Tarifas!N39:Q52,1) -> 4512.07 | M83: =VLOOKUP(M82,Tarifas!N56:Q69,1) -> 5156.65 | N83: =VLOOKUP(N82,Tarifas!N73:Q86,1) -> 5801.23 | O83: =VLOOKUP(O82,Tarifas!T39:W52,1) -> 6445.81 | P83: =VLOOKUP(P82,Tarifas!T56:W69,1) -> 7090.39 | Q83: =VLOOKUP(Q82,Tarifas!T73:W86,1) -> 7735.01
A84: (=) | B84: Excedente | F84: =+F82-F83 -> 1029.07 | G84: =+G82-G83 -> 5210.83 | H84: =+H82-H83 -> 6166.25 | I84: =+I82-I83 -> 15519.67 | J84: =+J82-J83 -> 16465.09 | K84: =+K82-K83 -> 16430.51 | L84: =+L82-L83 -> 12185.93 | M84: =+M82-M83 -> 13541.35 | ... Q84: =+Q82-Q83 -> 46062.99
A85: (x) | B85: % sobre excedente | F85: =VLOOKUP(F82,Tarifas!B39:E52,4)/100 -> 0.1088 | G85: =VLOOKUP(G82,Tarifas!B56:E69,4)/100 -> 0.064 | H85: =VLOOKUP(H82,Tarifas!B73:E86,4)/100 -> 0.064 | I85: =VLOOKUP(I82,Tarifas!H39:K52,4)/100 -> 0.064 | J85: =VLOOKUP(J82,Tarifas!H56:K69,4)/100 -> 0.064 | K85: =VLOOKUP(K82,Tarifas!H73:K86,4)/100 -> 0.064 | L85: =VLOOKUP(L82,Tarifas!N39:Q52,4)/100 -> 0.064 | M85: =VLOOKUP(M82,Tarifas!N56:Q69,4)/100 -> 0.064 | N85: =VLOOKUP(N82,Tarifas!N73:Q86,4)/100 -> 0.064 | O85: =VLOOKUP(O82,Tarifas!T39:W52,4)/100 -> 0.064 | P85: =VLOOKUP(P82,Tarifas!T56:W69,4)/100 -> 0.064 | Q85: =VLOOKUP(Q82,Tarifas!T73:W86,4)/100 -> 0.064
A86: (=) | B86: Impuesto marginal | F86: =+F84*F85 -> 111.96282 | G86: =+G84*G85 -> 333.49312 | H86: =+H84*H85 -> 394.64 | I86: =+I84*I85 -> 993.25888 | J86: =+J84*J85 -> 1053.7658 | K86: =+K84*K85 -> 1051.5526 | L86: =+L84*L85 -> 779.89952 | M86: =+M84*M85 -> 866.6464 | ... Q86: =+Q84*Q85 -> 2948.0314
A87: (+) | B87: Cuota fija | F87: =VLOOKUP(F82,Tarifas!B39:E52,3) -> 321.26 | G87: =VLOOKUP(G82,Tarifas!B56:E69,3) -> 24.76 | H87: =VLOOKUP(H82,Tarifas!B73:E86,3) -> 37.14 | I87: =VLOOKUP(I82,Tarifas!H39:K52,3) -> 49.52 | J87: =VLOOKUP(J82,Tarifas!H56:K69,3) -> 61.9 | K87: =VLOOKUP(K82,Tarifas!H73:K86,3) -> 74.28 | L87: =VLOOKUP(L82,Tarifas!N39:Q52,3) -> 86.66 | M87: =VLOOKUP(M82,Tarifas!N56:Q69,3) -> 99.04 | N87: =VLOOKUP(N82,Tarifas!N73:Q86,3) -> 111.42 | O87: =VLOOKUP(O82,Tarifas!T39:W52,3) -> 123.8 | P87: =VLOOKUP(P82,Tarifas!T56:W69,3) -> 136.18 | Q87: =VLOOKUP(Q82,Tarifas!T73:W86,3) -> 148.51
A88: (=) | B88: ISR determinado | F88: =+F86+F87 -> 433.22282 | G88: =+G86+G87 -> 358.25312 | H88: =+H86+H87 -> 431.78 | I88: =+I86+I87 -> 1042.7789 | J88: =+J86+J87 -> 1115.6658 | K88: =+K86+K87 -> 1125.8326 | L88: =+L86+L87 -> 866.55952 | M88: =+M86+M87 -> 965.6864 | ... Q88: =+Q86+Q87 -> 3096.5414
A89: (-) | B89: Pagos provisionales anteriores | F89: 0 | G89: =+F89+F93 -> 0 | H89: =+G89+G93 -> 0 | I89: =+H89+H93 -> 0 | J89: =+I89+I93 -> 0 | K89: =+J89+J93 -> 0 | L89: =+K89+K93 -> 0 | M89: =+L89+L93 -> 0 | N89: =+M89+M93 -> 0 | ... Q89: =+P89+P93 -> 0
A90: (=) | B90: Pago provisional del mes | F90: =IF(F88>F89,F88-F89,0) -> 433.22282 | G90: =IF(G88>G89,G88-G89,0) -> 358.25312 | H90: =IF(H88>H89,H88-H89,0) -> 431.78 | I90: =IF(I88>I89,I88-I89,0) -> 1042.7789 | J90: =IF(J88>J89,J88-J89,0) -> 1115.6658 | K90: =IF(K88>K89,K88-K89,0) -> 1125.8326 | L90: =IF(L88>L89,L88-L89,0) -> 866.55952 | M90: =IF(M88>M89,M88-M89,0) -> 965.6864 | ... Q90: =IF(Q88>Q89,Q88-Q89,0) -> 3096.5414
A91: (-) | B91: Retenciones de ISR | F91: =+F77 -> 1250 | G91: =+G77 -> 2140 | H91: =+H77 -> 3500 | I91: =+I77 -> 5500 | J91: =+J77 -> 6396.5 | K91: =+K77 -> 7146.5 | L91: =+L77 -> 7766.5 | M91: =+M77 -> 9266.5 | ... Q91: =+Q77 -> 19066.5
A93: (=) | B93: ISR a cargo | F93: =IF(F90>F91,F90-F91,0) -> 0 | G93: =IF(G90>G91,G90-G91,0) -> 0 | H93: =IF(H90>H91,H90-H91,0) -> 0 | I93: =IF(I90>I91,I90-I91,0) -> 0 | J93: =IF(J90>J91,J90-J91,0) -> 0 | K93: =IF(K90>K91,K90-K91,0) -> 0 | L93: =IF(L90>L91,L90-L91,0) -> 0 | M93: =IF(M90>M91,M90-M91,0) -> 0 | ... Q93: =IF(Q90>Q91,Q90-Q91,0) -> 0 | R93: =SUM(F93:Q93) -> 0
B98: V. Ingresos por arrendamiento a persona moral | F98: Art. 116 LISR
A100: Conceptos | E100: Enero | F100: Febrero | G100: Marzo | H100: Abril | I100: Mayo | J100: Junio | K100: Julio | L100: Agosto | M100: Septiembre | N100: Octubre | O100: Noviembre | P100: Diciembre | Q100: Total
B101: Ingresos por arrendamiento | E101: 25000 | F101: 25000 | G101: 25000 | H101: 25000 | I101: 25000 | J101: 25000 | K101: 25000 | L101: 25000 | M101: 25000 | N101: 25000 | O101: 25000 | P101: 25000 | Q101: =SUM(E101:P101) -> 300000
B102: Deducción optativa 35% | E102: =E101*0.35 -> 8750 | F102: =F101*0.35 -> 8750 | G102: =G101*0.35 -> 8750 | H102: =H101*0.35 -> 8750 | I102: =I101*0.35 -> 8750 | J102: =J101*0.35 -> 8750 | K102: =K101*0.35 -> 8750 | L102: =L101*0.35 -> 8750 | ... P102: =P101*0.35 -> 8750 | Q102: =SUM(E102:P102) -> 105000
B103: Deducción de impuesto predial | E103: 6500 | F103: 0 | G103: 0 | H103: 0 | I103: 0 | J103: 0 | K103: 0 | L103: 0 | M103: 0 | N103: 0 | O103: 0 | P103: 0 | Q103: =SUM(E103:P103) -> 6500
B105: Base del impuesto | E105: =E101-E102-E103 -> 9750 | F105: =F101-F102-F103 -> 16250 | G105: =G101-G102-G103 -> 16250 | H105: =H101-H102-H103 -> 16250 | I105: =I101-I102-I103 -> 16250 | J105: =J101-J102-J103 -> 16250 | K105: =K101-K102-K103 -> 16250 | L105: =L101-L102-L103 -> 16250 | ... P105: =P101-P102-P103 -> 16250
A106: (-) | B106: Límite inferior | E106: =VLOOKUP(E105,Tarifas!$B$3:$E$16,1) -> 9614.67 | F106: =VLOOKUP(F105,Tarifas!$B$3:$E$16,1) -> 13381.48 | G106: =VLOOKUP(G105,Tarifas!$B$3:$E$16,1) -> 13381.48 | H106: =VLOOKUP(H105,Tarifas!$B$3:$E$16,1) -> 13381.48 | I106: =VLOOKUP(I105,Tarifas!$B$3:$E$16,1) -> 13381.48 | J106: =VLOOKUP(J105,Tarifas!$B$3:$E$16,1) -> 13381.48 | K106: =VLOOKUP(K105,Tarifas!$B$3:$E$16,1) -> 13381.48 | L106: =VLOOKUP(L105,Tarifas!$B$3:$E$16,1) -> 13381.48 | ... P106: =VLOOKUP(P105,Tarifas!$B$3:$E$16,1) -> 13381.48
A107: (=) | B107: Excedente | E107: =+E105-E106 -> 135.33 | F107: =+F105-F106 -> 2868.52 | G107: =+G105-G106 -> 2868.52 | H107: =+H105-H106 -> 2868.52 | I107: =+I105-I106 -> 2868.52 | J107: =+J105-J106 -> 2868.52 | K107: =+K105-K106 -> 2868.52 | L107: =+L105-L106 -> 2868.52 | ... P107: =+P105-P106 -> 2868.52
A108: (x) | B108: % sobre excedente | E108: =VLOOKUP(E105,Tarifas!$B$3:$E$16,4)/100 -> 0.16 | F108: =VLOOKUP(F105,Tarifas!$B$3:$E$16,4)/100 -> 0.2136 | G108: =VLOOKUP(G105,Tarifas!$B$3:$E$16,4)/100 -> 0.2136 | H108: =VLOOKUP(H105,Tarifas!$B$3:$E$16,4)/100 -> 0.2136 | I108: =VLOOKUP(I105,Tarifas!$B$3:$E$16,4)/100 -> 0.2136 | J108: =VLOOKUP(J105,Tarifas!$B$3:$E$16,4)/100 -> 0.2136 | K108: =VLOOKUP(K105,Tarifas!$B$3:$E$16,4)/100 -> 0.2136 | L108: =VLOOKUP(L105,Tarifas!$B$3:$E$16,4)/100 -> 0.2136 | ... P108: =VLOOKUP(P105,Tarifas!$B$3:$E$16,4)/100 -> 0.2136
A109: (=) | B109: Impuesto marginal | E109: =+E107*E108 -> 21.6528 | F109: =+F107*F108 -> 612.71587 | G109: =+G107*G108 -> 612.71587 | H109: =+H107*H108 -> 612.71587 | I109: =+I107*I108 -> 612.71587 | J109: =+J107*J108 -> 612.71587 | K109: =+K107*K108 -> 612.71587 | L109: =+L107*L108 -> 612.71587 | ... P109: =+P107*P108 -> 612.71587
A110: (+) | B110: Cuota fija | E110: =VLOOKUP(E105,Tarifas!$B$3:$E$16,3) -> 772.1 | F110: =VLOOKUP(F105,Tarifas!$B$3:$E$16,3) -> 1417.12 | G110: =VLOOKUP(G105,Tarifas!$B$3:$E$16,3) -> 1417.12 | H110: =VLOOKUP(H105,Tarifas!$B$3:$E$16,3) -> 1417.12 | I110: =VLOOKUP(I105,Tarifas!$B$3:$E$16,3) -> 1417.12 | J110: =VLOOKUP(J105,Tarifas!$B$3:$E$16,3) -> 1417.12 | K110: =VLOOKUP(K105,Tarifas!$B$3:$E$16,3) -> 1417.12 | L110: =VLOOKUP(L105,Tarifas!$B$3:$E$16,3) -> 1417.12 | ... P110: =VLOOKUP(P105,Tarifas!$B$3:$E$16,3) -> 1417.12
A111: (=) | B111: ISR determinado | E111: =+E109+E110 -> 793.7528 | F111: =+F109+F110 -> 2029.8359 | G111: =+G109+G110 -> 2029.8359 | H111: =+H109+H110 -> 2029.8359 | I111: =+I109+I110 -> 2029.8359 | J111: =+J109+J110 -> 2029.8359 | K111: =+K109+K110 -> 2029.8359 | L111: =+L109+L110 -> 2029.8359 | ... P111: =+P109+P110 -> 2029.8359 | Q111: =SUM(E111:P111) -> 23121.947
A112: (-) | B112: ISR retenido del mes | E112: =+E101*0.1 -> 2500 | F112: =+F101*0.1 -> 2500 | G112: =+G101*0.1 -> 2500 | H112: =+H101*0.1 -> 2500 | I112: =+I101*0.1 -> 2500 | J112: =+J101*0.1 -> 2500 | K112: =+K101*0.1 -> 2500 | L112: =+L101*0.1 -> 2500 | ... P112: =+P101*0.1 -> 2500 | Q112: =SUM(E112:P112) -> 30000
A113: (=) | B113: Impuesto a cargo | E113: =IF(E111>E112,E111-E112,0) -> 0 | F113: =IF(F111>F112,F111-F112,0) -> 0 | G113: =IF(G111>G112,G111-G112,0) -> 0 | H113: =IF(H111>H112,H111-H112,0) -> 0 | I113: =IF(I111>I112,I111-I112,0) -> 0 | J113: =IF(J111>J112,J111-J112,0) -> 0 | K113: =IF(K111>K112,K111-K112,0) -> 0 | L113: =IF(L111>L112,L111-L112,0) -> 0 | ... P113: =IF(P111>P112,P111-P112,0) -> 0 | Q113: =SUM(E113:P113) -> 0
B117: VI. Datos para declaración anual | I117: VII. Deducciones personales
B118: Conceptos | E118: Montos | F118: Exento | I118: Conceptos | L118: Montos | M118: Máximo | N118: Deducible
B119: Ingresos por salarios | E119: =+P26 -> 96000 | F119: 0 | I119: Gastos médicos | L119: 35000 | M119: 0 | N119: =+L119 -> 35000
A120: (+) | B120: PTU | E120: 0 | F120: 0 | H120: (+) | I120: Gastos funerarios | L120: 0 | M120: 32693.4 | N120: =+L120 -> 0
A121: (+) | B121: Aguinaldo | E121: =+E50 -> 4000 | F121: =+E52 -> 2688.6 | H121: (+) | I121: Intereses reales por créditos hipotecarios | L121: 0 | M121: 0 | N121: =+L121 -> 0
A122: (+) | B122: Prima vacacional | E122: =+E43 -> 400 | F122: =+E45 -> 400 | H122: (+) | I122: Seguro de gastos médicos | L122: 3062 | M122: 0 | N122: =+L122 -> 3062
A123: (+) | B123: Actividad profesional | E123: =+Q69 -> 190665 | F123: 0 | H123: (+) | I123: Aportaciones complementarias de retiro | L123: 10000 | M123: =+E142*0.1 -> 33960.94 | N123: =+L123 -> 10000
A124: (+) | B124: Arrendamiento | E124: =+Q101 -> 300000 | F124: 0 | H124: (+) | I124: Lentes ópticos graduados | L124: 2000 | M124: 2500 | N124: =+L124 -> 2000
A125: (+) | B125: Donativos | E125: 0 | F125: 0 | H125: (+) | I125: Impuesto local por salarios | L125: 0 | M125: 0 | N125: 0
A126: (=) | B126: Total de ingresos por salarios | E126: =SUM(E119:E125) -> 591065 | F126: =SUM(F119:F125) -> 3088.6 | H126: (=) | I126: Total de deducciones personales | L126: =SUM(L119:L125) -> 50062 | M126: =SUM(M119:M125) -> 69154.34 | N126: =SUM(N119:N125) -> 50062
B128: 15% de ingresos (incluyendo exentos) | E128: =+E126*0.15 -> 88659.75 | I128: VIII. Estímulos fiscales
B129: 5 veces UMA elevada al año | E129: =5*G17 -> 163467 | I129: Conceptos | L129: Montos | M129: Máximo | N129: Deducible
I130: Cuentas personales especiales | L130: 0 | M130: 152000 | N130: =+L130 -> 0
B131: Tope para deducciones personales | E131: =+E128 -> 88659.75 | H131: (+) | I131: Colegiaturas 1 alumno preescolar | L131: 22000 | M131: 14200 | N131: =+M131 -> 14200
H132: (=) | I132: Total de estímulos | L132: =SUM(L130:L131) -> 22000 | M132: =SUM(M130:M131) -> 166200 | N132: =SUM(N130:N131) -> 14200
B134: XI. Cálculo ISR de ingresos acumulables Art. 152 LISR | I134: IX. Acumulados retenciones
B135: Conceptos | E135: Importes | I135: Conceptos | L135: Montos
B136: Ingresos por salarios | E136: =+E126-E124-E123 -> 100400 | I136: ISR de salarios | L136: =+P36 -> 7299.7541
A137: (+) | B137: Arrendamiento | E137: =+Q101-Q102-Q103 -> 188500 | H137: (+) | I137: ISR de honorarios | L137: =+Q77 -> 19066.5
A138: (+) | B138: Actividad profesional | E138: =+Q82 -> 53798 | H138: (+) | I138: ISR de arrendamiento | L138: =+Q112 -> 30000
A139: (-) | B139: Ingresos exentos | E139: =+F126 -> 3088.6 | H139: (=) | I139: Total retenciones de ISR | L139: =SUM(L136:L138) -> 56366.254
A140: (=) | B140: Ingresos gravados | E140: =+E136+E137+E138-E139 -> 339609.4
...

Sheet Caso 5
B10: 5. Caso de actividad empresarial y profesional
B12: I. Datos
B13: Información permanente | E13: 2019 | F13: 2020 | G13: 2021
B14: Salario Mínimo General | E14: 102.68 | F14: 123.22 | G14: 141.7
B15: Salario Mínimo General RFN | E15: 176.72 | F15: 185.56 | G15: 213.39
B16: UMA diaria | E16: 84.49 | F16: 86.88 | G16: 89.62
B17: UMA anual | E17: 30822 | F17: 31693.8 | G17: 32693.4
B19: II. Enajenación de bienes de activo fijo
E21: Art. 31 LISR
B22: Ganancia en la enajenación de camioneta
B23: MOI | D23: 365000
B24: Fecha de adquisición | D24: 15 de diciembre de 2019
B25: Precio de venta | D25: 290000
B26: Fecha de enajenación | D26: 20 de julio de 2021
B27: % máximo de deducción | D27: 0.25
B29: I. Saldo por deducir actualizado
B30: MOI histórico | E30: =+D23 -> 365000
A31: (-) | B31: Deducción acum. al 31-Dic-2019 | E31: =+D23*0.25 -> 91250
A32: (-) | B32: Deducción acum. Ene-21 a Jun-21 | E32: =+D23*0.25/12*6 -> 45625
A33: (=) | B33: Parte del monto no deducida | E33: =+E30-E31-E32 -> 228125
B35: INPC de marzo 2021 | D35: =+INPC!B645 -> 111.824 | E35: =TRUNC(D35/D36, 4) -> 1.0556 | G35: Enero | H35: Febrero | I35: Marzo | J35: Abril | K35: Mayo | L35: Junio | M35: Julio
B36: INPC de diciembre 2019 | D36: =+INPC!B630 -> 105.934
B38: Saldo por deducir actualizado | E38: =+E33*E35 -> 240808.75
B40: II. Ganancia en la enajenación
B41: Precio de venta | E41: =+D25 -> 290000
A42: (-) | B42: Saldo por deducir actualizado | E42: =+E38 -> 240808.75
A43: (=) | B43: Ganancia o pérdida en enajenación | E43: =+E41-E42 -> 49191.25
B46: III. Deducción de inversiones Art. 31 y 34 de la LISR
B48: Concepto | E48: Fecha de Adq. | F48: MOI | G48: % deducción | H48: Deducción Acumulada | I48: Saldo pendiente de deducir | J48: Deducción anual | K48: Deducción mensual | L48: Meses de uso | M48: Deducción Histórica | N48: INPC último mes 1a mitad | O48: INPC adquisición | P48: Factor de Actualización | Q48: Deducción Actualizada
B49: Mobiliario y equipo de oficina | E49: 42856 | F49: 50000 | G49: 0.1 | H49: 17920 | I49: =+F49-H49 -> 32080 | J49: =+F49*G49 -> 5000 | K49: =+J49/12 -> 416.66667 | L49: 12 | M49: =+K49*L49 -> 5000 | N49: =+INPC!B648 -> 113.018 | O49: =+INPC!B599 -> 94.725494 | P49: =TRUNC(N49/O49, 4) -> 1.1931 | Q49: =+M49*P49 -> 5965.5
B50: Equipo de reparto | E50: 43101 | F50: 240000 | G50: 0.25 | H50: 180000 | I50: =+F50-H50 -> 60000 | J50: =+F50*G50 -> 60000 | K50: =+J50/12 -> 5000 | L50: 12 | M50: =+K50*L50 -> 60000 | N50: =+INPC!B648 -> 113.018 | O50: =+INPC!B607 -> 98.795 | P50: =TRUNC(N50/O50, 4) -> 1.1439 | Q50: =+M50*P50 -> 68634
B51: Equipo de cómputo | E51: 43709 | F51: 150000 | G51: 0.3 | H51: 60000 | I51: =+F51-H51 -> 90000 | J51: =+F51*G51 -> 45000 | K51: =+J51/12 -> 3750 | L51: 12 | M51: =+K51*L51 -> 45000 | N51: =+INPC!B648 -> 113.018 | O51: =+INPC!B627 -> 103.942 | P51: =TRUNC(N51/O51, 4) -> 1.0873 | Q51: =+M51*P51 -> 48928.5
B52: Total | F52: =SUM(F49:F51) -> 440000 | H52: =SUM(H49:H51) -> 257920 | I52: =SUM(I49:I51) -> 182080 | J52: =SUM(J49:J51) -> 110000 | K52: =SUM(K49:K51) -> 9166.6667 | M52: =SUM(M49:M51) -> 110000 | Q52: =SUM(Q49:Q51) -> 123528
F54: Enero | G54: Febrero | H54: Marzo | I54: Abril | J54: Mayo | K54: Junio | L54: Julio | M54: Agosto | N54: Septiembre | O54: Octubre | P54: Noviembre | Q54: Diciembre
F55: =+$M$52/12 -> 9166.6667 | G55: =+$M$52/12 -> 9166.6667 | H55: =+$M$52/12 -> 9166.6667 | I55: =+$M$52/12 -> 9166.6667 | J55: =+$M$52/12 -> 9166.6667 | K55: 15930.67 | L55: =+$Q$52/12 -> 10294 | M55: =+$Q$52/12 -> 10294 | N55: =+$Q$52/12 -> 10294 | O55: =+$Q$52/12 -> 10294 | P55: =+$Q$52/12 -> 10294 | Q55: =+$Q$52/12 -> 10294
K56: =+Q52/12*6 -> 61764 | R56: =+Q52/12 -> 10294
B58: IV. Pagos provisionales | E58: Art. 109 LISR
A60: Conceptos | F60: Enero | G60: Febrero | H60: Marzo | I60: Abril | J60: Mayo | K60: Junio | L60: Julio | M60: Agosto | N60: Septiembre | O60: Octubre | P60: Noviembre | Q60: Diciembre | R60: Total
B61: Ingresos por actividad empresarial | F61: 60000 | G61: 75000 | H61: 36000 | I61: 12000 | J61: 5870 | K61: 78000 | L61: =96000+E43 -> 145191.25 | M61: 120000 | N61: 89000 | O61: 75000 | P61: 32000 | Q61: 46000 | R61: =SUM(F61:Q61) -> 774061.25
A62: (+) | B62: Ingresos por actividad profesional | F62: 12500 | G62: 8900 | H62: 13600 | I62: 20000 | J62: 8965 | K62: 7500 | L62: 6200 | M62: 15000 | N62: 18000 | O62: 20000 | P62: 35000 | Q62: 25000 | R62: =SUM(F62:Q62) -> 190665
A63: (=) | B63: Total de ingresos | F63: =SUM(F61:F62) -> 72500 | G63: =SUM(G61:G62) -> 83900 | H63: =SUM(H61:H62) -> 49600 | I63: =SUM(I61:I62) -> 32000 | J63: =SUM(J61:J62) -> 14835 | K63: =SUM(K61:K62) -> 85500 | L63: =SUM(L61:L62) -> 151391.25 | M63: =SUM(M61:M62) -> 135000 | ... Q63: =SUM(Q61:Q62) -> 71000 | R63: =SUM(F63:Q63) -> 964726.25
A66: Conceptos | F66: Enero | G66: Febrero | H66: Marzo | I66: Abril | J66: Mayo | K66: Junio | L66: Julio | M66: Agosto | N66: Septiembre | O66: Octubre | P66: Noviembre | Q66: Diciembre | R66: Total
B67: Ingresos efectivamente percibidos en el mes | F67: =+F63 -> 72500 | G67: =+G63 -> 83900 | H67: =+H63 -> 49600 | I67: =+I63 -> 32000 | J67: =+J63 -> 14835 | K67: =+K63 -> 85500 | L67: =+L63 -> 151391.25 | M67: =+M63 -> 135000 | ... Q67: =+Q63 -> 71000 | R67: =SUM(F67:Q67) -> 964726.25
A68: (+) | B68: Ingresos de periodos anteriores | F68: 0 | G68: =+F69 -> 72500 | H68: =+G69 -> 156400 | I68: =+H69 -> 206000 | J68: =+I69 -> 238000 | K68: =+J69 -> 252835 | L68: =+K69 -> 338335 | M68: =+L69 -> 489726.25 | N68: =+M69 -> 624726.25 | ... Q68: =+P69 -> 893726.25
A69: (=) | B69: Total de ingresos | F69: =SUM(F67:F68) -> 72500 | G69: =SUM(G67:G68) -> 156400 | H69: =SUM(H67:H68) -> 206000 | I69: =SUM(I67:I68) -> 238000 | J69: =SUM(J67:J68) -> 252835 | K69: =SUM(K67:K68) -> 338335 | L69: =SUM(L67:L68) -> 489726.25 | M69: =SUM(M67:M68) -> 624726.25 | ... Q69: =SUM(Q67:Q68) -> 964726.25
B71: Deducciones efectivamente erogadas | F71: =6000+10166.33 -> 16166.33 | G71: =8900+10166.33 -> 19066.33 | H71: =12000+10166.33 -> 22166.33 | I71: =10002+10166.33 -> 20168.33 | J71: =7375+10166.33 -> 17541.33 | K71: =6890+10166.33 -> 17056.33 | L71: =9800+10166.33 -> 19966.33 | M71: =13000+10166.33 -> 23166.33 | N71: =17900+10166.33 -> 28066.33 | O71: =16000+10166.33 -> 26166.33 | P71: =21000+10166.33 -> 31166.33 | Q71: =8000+10166.33 -> 18166.33 | R71: =SUM(F71:Q71) -> 258862.96
B72: Deducción de inversiones | F72: =+F55 -> 9166.6667 | G72: =+G55 -> 9166.6667 | H72: =+H55 -> 9166.6667 | I72: =+I55 -> 9166.6667 | J72: =+J55 -> 9166.6667 | K72: =+K55 -> 15930.67 | L72: =+L55 -> 10294 | M72: =+M55 -> 10294 | ... Q72: =+Q55 -> 10294 | R72: =SUM(F72:Q72) -> 123528
A73: (+) | B73: Deducciones de periodos anteriores | F73: 0 | G73: =+F74 -> 25332.997 | H73: =+G74 -> 53565.993 | I73: =+H74 -> 84898.99 | J73: =+I74 -> 114233.99 | K73: =+J74 -> 140941.98 | L73: =+K74 -> 173928.98 | M73: =+L74 -> 204189.31 | N73: =+M74 -> 237649.64 | ... Q73: =+P74 -> 353930.63
A74: (=) | B74: Total de deducciones autorizadas | F74: =SUM(F71:F73) -> 25332.997 | G74: =SUM(G71:G73) -> 53565.993 | H74: =SUM(H71:H73) -> 84898.99 | I74: =SUM(I71:I73) -> 114233.99 | J74: =SUM(J71:J73) -> 140941.98 | K74: =SUM(K71:K73) -> 173928.98 | L74: =SUM(L71:L73) -> 204189.31 | M74: =SUM(M71:M73) -> 237649.64 | ... Q74: =SUM(Q71:Q73) -> 382390.96
B76: Retenciones efectuadas | F76: =+F62*0.1 -> 1250 | G76: =+G62*0.1 -> 890 | H76: =+H62*0.1 -> 1360 | I76: =+I62*0.1 -> 2000 | J76: =+J62*0.1 -> 896.5 | K76: =+K62*0.1 -> 750 | L76: =+L62*0.1 -> 620 | M76: =+M62*0.1 -> 1500 | ... Q76: =+Q62*0.1 -> 2500 | R76: =SUM(F76:Q76) -> 19066.5
A77: (+) | B77: Retenciones periodos anteriores | F77: 0 | G77: =+F78 -> 1250 | H77: =+G78 -> 2140 | I77: =+H78 -> 3500 | J77: =+I78 -> 5500 | K77: =+J78 -> 6396.5 | L77: =+K78 -> 7146.5 | M77: =+L78 -> 7766.5 | N77: =+M78 -> 9266.5 | ... Q77: =+P78 -> 16566.5
A78: (=) | B78: Total de retenciones efectuadas | F78: =SUM(F76:F77) -> 1250 | G78: =SUM(G76:G77) -> 2140 | H78: =SUM(H76:H77) -> 3500 | I78: =SUM(I76:I77) -> 5500 | J78: =SUM(J76:J77) -> 6396.5 | K78: =SUM(K76:K77) -> 7146.5 | L78: =SUM(L76:L77) -> 7766.5 | M78: =SUM(M76:M77) -> 9266.5 | ... Q78: =SUM(Q76:Q77) -> 19066.5
B80: Ingresos menos deducciones | F80: =+F69-F74 -> 47167.003 | G80: =+G69-G74 -> 102834.01 | H80: =+H69-H74 -> 121101.01 | I80: =+I69-I74 -> 123766.01 | J80: =+J69-J74 -> 111893.02 | K80: =+K69-K74 -> 164406.02 | L80: =+L69-L74 -> 285536.94 | M80: =+M69-M74 -> 387076.61 | ... Q80: =+Q69-Q74 -> 582335.29
A81: (-) | B81: PTU pagada en el ejercicio | F81: 0 | G81: 0 | H81: 0 | I81: 0 | J81: 0 | K81: 0 | L81: 0 | M81: 0 | N81: 0 | O81: 0 | P81: 0 | Q81: 0
A82: (-) | B82: Pérdidas fiscales ejercicios anteiores | F82: 0 | G82: 0 | H82: 0 | I82: 0 | J82: 0 | K82: 0 | L82: 0 | M82: 0 | N82: 0 | O82: 0 | P82: 0 | Q82: 0
A83: (=) | B83: Base gravable acumulada | F83: =+F80-F81-F82 -> 47167.003 | G83: =+G80-G81-G82 -> 102834.01 | H83: =+H80-H81-H82 -> 121101.01 | I83: =+I80-I81-I82 -> 123766.01 | J83: =+J80-J81-J82 -> 111893.02 | K83: =+K80-K81-K82 -> 164406.02 | L83: =+L80-L81-L82 -> 285536.94 | M83: =+M80-M81-M82 -> 387076.61 | ... Q83: =+Q80-Q81-Q82 -> 582335.29
A84: (-) | B84: Límite inferior | F84: =VLOOKUP(F83,Tarifas!B39:E52,1) -> 42537.59 | G84: =VLOOKUP(G83,Tarifas!B56:E69,1) -> 85075.17 | H84: =VLOOKUP(H83,Tarifas!B73:E86,1) -> 80965.51 | I84: =VLOOKUP(I83,Tarifas!H39:K52,1) -> 107954.01 | J84: =VLOOKUP(J83,Tarifas!H56:K69,1) -> 66907.36 | K84: =VLOOKUP(K83,Tarifas!H73:K86,1) -> 161931.01 | L84: =VLOOKUP(L83,Tarifas!N39:Q52,1) -> 188919.51 | M84: =VLOOKUP(M83,Tarifas!N56:Q69,1) -> 340300.65 | N84: =VLOOKUP(N83,Tarifas!N73:Q86,1) -> 382838.23 | O84: =VLOOKUP(O83,Tarifas!T39:W52,1) -> 425375.81 | P84: =VLOOKUP(P83,Tarifas!T56:W69,1) -> 467913.39 | Q84: =VLOOKUP(Q83,Tarifas!T73:W86,1) -> 510451.01
A85: (=) | B85: Excedente | F85: =+F83-F84 -> 4629.4133 | G85: =+G83-G84 -> 17758.837 | H85: =+H83-H84 -> 40135.5 | I85: =+I83-I84 -> 15812.003 | J85: =+J83-J84 -> 44985.657 | K85: =+K83-K84 -> 2475.0067 | L85: =+L83-L84 -> 96617.427 | M85: =+M83-M84 -> 46775.957 | ... Q85: =+Q83-Q84 -> 71884.277
A86: (x) | B86: % sobre excedente | F86: =VLOOKUP(F83,Tarifas!B39:E52,4)/100 -> 0.3 | G86: =VLOOKUP(G83,Tarifas!B56:E69,4)/100 -> 0.3 | H86: =VLOOKUP(H83,Tarifas!B73:E86,4)/100 -> 0.2352 | I86: =VLOOKUP(I83,Tarifas!H39:K52,4)/100 -> 0.2352 | J86: =VLOOKUP(J83,Tarifas!H56:K69,4)/100 -> 0.2136 | K86: =VLOOKUP(K83,Tarifas!H73:K86,4)/100 -> 0.2352 | L86: =VLOOKUP(L83,Tarifas!N39:Q52,4)/100 -> 0.2352 | M86: =VLOOKUP(M83,Tarifas!N56:Q69,4)/100 -> 0.3 | N86: =VLOOKUP(N83,Tarifas!N73:Q86,4)/100 -> 0.3 | O86: =VLOOKUP(O83,Tarifas!T39:W52,4)/100 -> 0.3 | P86: =VLOOKUP(P83,Tarifas!T56:W69,4)/100 -> 0.3 | Q86: =VLOOKUP(Q83,Tarifas!T73:W86,4)/100 -> 0.3
A87: (=) | B87: Impuesto marginal | F87: =+F85*F86 -> 1388.824 | G87: =+G85*G86 -> 5327.651 | H87: =+H85*H86 -> 9439.8696 | I87: =+I85*I86 -> 3718.9832 | J87: =+J85*J86 -> 9608.9363 | K87: =+K85*K86 -> 582.12157 | L87: =+L85*L86 -> 22724.419 | M87: =+M85*M86 -> 14032.787 | ... Q87: =+Q85*Q86 -> 21565.283
A88: (+) | B88: Cuota fija | F88: =VLOOKUP(F83,Tarifas!B39:E52,3) -> 7980.73 | G88: =VLOOKUP(G83,Tarifas!B56:E69,3) -> 15961.46 | H88: =VLOOKUP(H83,Tarifas!B73:E86,3) -> 12970.74 | I88: =VLOOKUP(I83,Tarifas!H39:K52,3) -> 17294.32 | J88: =VLOOKUP(J83,Tarifas!H56:K69,3) -> 7085.6 | K88: =VLOOKUP(K83,Tarifas!H73:K86,3) -> 25941.48 | L88: =VLOOKUP(L83,Tarifas!N39:Q52,3) -> 30265.06 | M88: =VLOOKUP(M83,Tarifas!N56:Q69,3) -> 63845.84 | N88: =VLOOKUP(N83,Tarifas!N73:Q86,3) -> 71826.57 | O88: =VLOOKUP(O83,Tarifas!T39:W52,3) -> 79807.3 | P88: =VLOOKUP(P83,Tarifas!T56:W69,3) -> 87788.03 | Q88: =VLOOKUP(Q83,Tarifas!T73:W86,3) -> 95768.74
A89: (=) | B89: ISR determinado | F89: =+F87+F88 -> 9369.554 | G89: =+G87+G88 -> 21289.111 | H89: =+H87+H88 -> 22410.61 | I89: =+I87+I88 -> 21013.303 | J89: =+J87+J88 -> 16694.536 | K89: =+K87+K88 -> 26523.602 | L89: =+L87+L88 -> 52989.479 | M89: =+M87+M88 -> 77878.627 | ... Q89: =+Q87+Q88 -> 117334.02
A90: (-) | B90: Pagos provisionales anteriores | F90: 0 | G90: =+F90+F94 -> 8119.554 | H90: =+G90+G94 -> 19149.111 | I90: =+H90+H94 -> 19149.111 | J90: =+I90+I94 -> 19149.111 | K90: =+J90+J94 -> 19149.111 | L90: =+K90+K94 -> 19377.102 | M90: =+L90+L94 -> 45222.979 | N90: =+M90+M94 -> 68612.127 | ... Q90: =+P90+P94 -> 93404.841
A91: (=) | B91: Pago provisional del mes | F91: =IF(F89>F90,F89-F90,0) -> 9369.554 | G91: =IF(G89>G90,G89-G90,0) -> 13169.557 | H91: =IF(H89>H90,H89-H90,0) -> 3261.4986 | I91: =IF(I89>I90,I89-I90,0) -> 1864.1922 | J91: =IF(J89>J90,J89-J90,0) -> 0 | K91: =IF(K89>K90,K89-K90,0) -> 7374.4906 | L91: =IF(L89>L90,L89-L90,0) -> 33612.377 | M91: =IF(M89>M90,M89-M90,0) -> 32655.648 | ... Q91: =IF(Q89>Q90,Q89-Q90,0) -> 23929.182
A92: (-) | B92: Retenciones de ISR | F92: =+F78 -> 1250 | G92: =+G78 -> 2140 | H92: =+H78 -> 3500 | I92: =+I78 -> 5500 | J92: =+J78 -> 6396.5 | K92: =+K78 -> 7146.5 | L92: =+L78 -> 7766.5 | M92: =+M78 -> 9266.5 | ... Q92: =+Q78 -> 19066.5
A94: (=) | B94: ISR a cargo | F94: =IF(F91>F92,F91-F92,0) -> 8119.554 | G94: =IF(G91>G92,G91-G92,0) -> 11029.557 | H94: =IF(H91>H92,H91-H92,0) -> 0 | I94: =IF(I91>I92,I91-I92,0) -> 0 | J94: =IF(J91>J92,J91-J92,0) -> 0 | K94: =IF(K91>K92,K91-K92,0) -> 227.99057 | L94: =IF(L91>L92,L91-L92,0) -> 25845.877 | M94: =IF(M91>M92,M91-M92,0) -> 23389.148 | ... Q94: =IF(Q91>Q92,Q91-Q92,0) -> 4862.682 | R94: =SUM(F94:Q94) -> 98267.523
B98: VI. Datos para declaración anual | I98: VII. Deducciones personales
B99: Conceptos | E99: Montos | F99: Exento | I99: Conceptos | L99: Montos | M99: Máximo | N99: Deducible
B100: Actividad empresarial | E100: =+R61 -> 774061.25 | F100: 0 | I100: Gastos médicos | L100: 18000 | M100: 0 | N100: =+L100 -> 18000
A101: (+) | B101: Actividad profesional | E101: =+R62 -> 190665 | F101: 0 | H101: (+) | I101: Gastos funerarios | L101: 0 | M101: 32693.4 | N101: =+L101 -> 0
A102: (+) | E102: 0 | F102: 0 | H102: (+) | I102: Intereses reales por créditos hipotecarios | L102: 0 | M102: 0 | N102: =+L102 -> 0
A103: (+) | E103: 0 | F103: 0 | H103: (+) | I103: Seguro de gastos médicos | L103: 3062 | M103: 0 | N103: =+L103 -> 3062
A104: (+) | E104: 0 | F104: 0 | H104: (+) | I104: Aportaciones complementarias de retiro | L104: 0 | M104: =+E123*0.1 -> 58233.529 | N104: =+L104 -> 0
A105: (+) | E105: 0 | F105: 0 | H105: (+) | I105: Lentes ópticos graduados | L105: 2320 | M105: 2500 | N105: =+L105 -> 2320
A106: (+) | E106: 0 | F106: 0 | H106: (+) | I106: Impuesto local por salarios | L106: 0 | M106: 0 | N106: 0
A107: (=) | B107: Total de ingresos por salarios | E107: =SUM(E100:E106) -> 964726.25 | F107: =SUM(F100:F106) -> 0 | H107: (=) | I107: Total de deducciones personales | L107: =SUM(L100:L106) -> 23382 | M107: =SUM(M100:M106) -> 93426.929 | N107: =SUM(N100:N106) -> 23382
B109: 15% de ingresos (incluyendo exentos) | E109: =+E107*0.15 -> 144708.94 | I109: VIII. Estímulos fiscales
B110: 5 veces UMA elevada al año | E110: =5*G17 -> 163467 | I110: Conceptos | L110: Montos | M110: Máximo | N110: Deducible
I111: Cuentas personales especiales | L111: 46000 | M111: 152000 | N111: =+L111 -> 46000
B112: Tope para deducciones personales | E112: =+E109 -> 144708.94 | H112: (+) | I112: Colegiaturas 1 alumno preescolar | L112: 0 | M112: 0 | N112: =+M112 -> 0
H113: (=) | I113: Total de estímulos | L113: =SUM(L111:L112) -> 46000 | M113: =SUM(M111:M112) -> 152000 | N113: =SUM(N111:N112) -> 46000
B115: XI. Cálculo ISR de ingresos acumulables Art. 152 LISR | I115: IX. Acumulados retenciones
B116: Conceptos | E116: Importes | I116: Conceptos | L116: Montos
B117: Ingresos por salarios | E117: 0 | I117: ISR de salarios | L117: 0
A118: (+) | B118: Arrendamiento | E118: 0 | H118: (+) | I118: ISR de honorarios | L118: =+Q78 -> 19066.5
A119: (+) | B119: Actividad empresarial y profesional | E119: =+Q83 -> 582335.29 | H119: (+) | I119: ISR de arrendamiento | L119: 0
A120: (-) | B120: Ingresos exentos | E120: 0 | H120: (=) | I120: Total retenciones de ISR | L120: =SUM(L117:L119) -> 19066.5
A121: (=) | B121: Ingresos gravados | E121: =+E117+E118+E119-E120 -> 582335.29
A122: (-) | B122: Ingresos no acumulables | E122: 0
A123: (=) | B123: Ingresos gravados acumulables | E123: =+E121-E122 -> 582335.29 | I123: X. Pagos provisionales
A124: (-) | B124: Deducciones personales | E124: =+N107+N113 -> 69382 | I124: Conceptos | L124: Montos
A125: (=) | B125: Ingresos base | E125: =+E123-E124 -> 512953.29 | H125: (+) | I125: ISR de AEyP | L125: =+R94 -> 98267.523
A126: (-) | B126: Límite inferior | E126: =VLOOKUP(E125,Tarifas!N3:Q16,1) -> 510451.01 | H126: (+) | I126: ISR de arrendamiento | L126: 0
A127: (=) | B127: Excedente | E127: =+E125-E126 -> 2502.2767 | H127: (=) | I127: Total pagos provisionales | L127: =SUM(L125:L126) -> 98267.523
A128: (x) | B128: % sobre excedente | E128: =VLOOKUP(E125,Tarifas!N3:Q16,4)/100 -> 0.3
A129: (=) | B129: Impuesto marginal | E129: =+E127*E128 -> 750.683
A130: (+) | B130: Cuota fija | E130: =VLOOKUP(E125,Tarifas!N3:Q16,3) -> 95768.74
A131: (=) | B131: ISR determinado | E131: =+E129+E130 -> 96519.423
A132: (-) | B132: Retenciones del ejercicio | E132: =+L120 -> 19066.5
A133: (-) | B133: Pagos provisionales | E133: =+L127 -> 98267.523
...

Sheet Caso 6
B10: 6. Caso de enajenación de bien inmueble
B12: I. Datos
B13: Ejercicio 2021
B14: Terreno y construcción en fechas distintas (uso comercial). Contribuyente no se dedica a enajenar inmuebles
B16: Fecha de enajenación: | D16: Agosto de 2021
B17: Precio de venta | D17: 8800000
B19: Terreno
B20: Costo de adquisición | D20: 1500000
B21: Mes de adquisición | D21: Marzo de 2009
B23: Construcción
B24: Costo incurrido | D24: 2500000
B25: Mes de entrega | D25: Junio de 2011
B28: II. Cálculo del costo comprobado de adquisición actualizado
B30: Terreno | F30: Importes | H30: Art. 124, fracción II
B31: Costo de adquisición | F31: =+D20 -> 1500000
B33: INPC mes anterior a enajenación (Jul-21) | E33: =+INPC!B649 -> 113.682 | F33: =TRUNC(E33/E34, 4) -> 1.6237
B34: INPC mes de adquisición (Mar-09) | E34: =+INPC!B501 -> 70.00995
B36: Costo comprobado de adquisición actualizado | F36: =+F31*F33 -> 2435550
B39: Construcción | F39: Importes
B40: Costo incurrido en construcción | F40: =+D24 -> 2500000 | H40: Art. 124, fracción II
B41: Deducción del 3% anual | F41: =+F40*0.03 -> 75000
A42: (x) | B42: Años transcurridos | F42: 10
B43: Parte deducida por tiempo transcurrido | F43: =+F41*F42 -> 750000
B45: Costo incurrido en construcción | F45: =+F40 -> 2500000
A46: (-) | B46: Deducción del 3% anual | F46: =+F43 -> 750000
A47: (=) | B47: Costo disminuido | F47: =+F45-F46 -> 1750000
B49: INPC mes anterior a enajenación (Jul-21) | E49: =+INPC!B649 -> 113.682 | F49: =TRUNC(E49/E50, 4) -> 1.5126
B50: INPC mes de adquisición (Jun-11) | E50: =+INPC!B528 -> 75.155508
B52: Costo comprobado actualizado | F52: =+F47*F49 -> 2647050
B54: III. Cálculo del pago provisional
B56: Concepto | C56: Contraprestación | D56: Costo Com. Ad. | E56: Ganancia | F56: Años | G56: Ganancia acum. | H56: Cociente | I56: P. Provisional | J56: Impto local | K56: ISR a cargo
B57: Terreno | C57: 3800000 | D57: =+F36 -> 2435550 | E57: =+C57-D57 -> 1364450 | F57: 12 | G57: =+E57/F57 -> 113704.17 | H57: =+E72 -> 0.1656 | I57: =(G57*H57)*F57 -> 225952.92 | J57: =+E57*0.05 -> 68222.5 | K57: =+I57-J57 -> 157730.42
B58: Construcción | C58: 5000000 | D58: =+F52 -> 2647050 | E58: =+C58-D58 -> 2352950 | F58: 10 | G58: =+E58/F58 -> 235295 | H58: =+E72 -> 0.1656 | I58: =(G58*H58)*F58 -> 389648.52 | J58: =+E58*0.05 -> 117647.5 | K58: =+I58-J58 -> 272001.02
C59: =SUM(C57:C58) -> 8800000 | D59: =SUM(D57:D58) -> 5082600 | E59: =SUM(E57:E58) -> 3717400 | G59: =SUM(G57:G58) -> 348999.17 | I59: =SUM(I57:I58) -> 615601.44 | J59: =SUM(J57:J58) -> 185870 | K59: =SUM(K57:K58) -> 429731.44
B61: Conceptos | E61: Importes
B62: Ganancia acumulable por enajenación | E62: =+G59 -> 348999.17
A63: (-) | B63: Límite inferior | E63: =VLOOKUP(E62,Tarifas!N3:Q16,1) -> 323862.01
A64: (=) | B64: Excedente | E64: =+E62-E63 -> 25137.157
A65: (x) | B65: % sobre excedente | E65: =VLOOKUP(E62,Tarifas!N3:Q16,4)/100 -> 0.2352
A66: (=) | B66: Impuesto marginal | E66: =+E64*E65 -> 5912.2592
A67: (+) | B67: Cuota fija | E67: =VLOOKUP(E62,Tarifas!N3:Q16,3) -> 51883.01
A68: (=) | B68: ISR determinado | E68: =+E66+E67 -> 57795.269
B70: ISR determinado | E70: =+E68 -> 57795.269
A71: (÷) | B71: Ganancia acumulable por enajenación | E71: =+E62 -> 348999.17
A72: (=) | B72: Cociente Art. 200 RLISR | E72: =TRUNC(E70/E71, 4) -> 0.1656
B75: IV. Datos para declaración anual | J75: V. Deducciones personales
B76: Conceptos | E76: Montos | F76: Exento | J76: Conceptos | M76: Montos
B77: Ingresos por enajenación de bienes | E77: =+C59 -> 8800000 | F77: 0 | J77: Gastos médicos | M77: 12000
I78: (+) | J78: Gastos funerarios | M78: 9000
A79: (=) | B79: Total de ingresos por enajenación | E79: =SUM(E77:E78) -> 8800000 | F79: =SUM(F77:F78) -> 0 | I79: (+) | J79: Intereses reales por créditos hipotecarios | M79: 0
I80: (+) | J80: Seguro de gastos médicos | M80: 10500
B81: 15% de ingresos (incluyendo exentos) | F81: =+E79*0.15 -> 1320000 | I81: (+) | J81: Transporte escolar | M81: 0
B82: 5 veces UMA elevada al año | F82: =5*'Caso 5'!$G$17 -> 163467 | G82: Tope deducción personal | I82: (+) | J82: Impuesto local por salarios | M82: 0
I83: (=) | J83: Total de deducciones personales | M83: =SUM(M77:M82) -> 31500
B84: Total de retenciones de ISR | F84: =+Q68 -> 0
B85: Pagos provisionales efectuados | F85: =+I59 -> 615601.44
J86: VI. Estímulos fiscales
B87: VII. Ganancia acumulable | J87: Conceptos | M87: Montos
B88: Importes para declaración anual | J88: Cuentas personales especiales | M88: 180000
B89: Parte gravada | D89: =+E59 -> 3717400 | I89: (+) | J89: Colegiatura 1 alumno nivel secundaria | M89: 0
B90: Ganancia entre No. años | D90: =+G59 -> 348999.17 | I90: (=) | J90: Total de estímulos | M90: =SUM(M88:M89) -> 180000
B91: Parte no acumulable | D91: =+D89-D90 -> 3368400.8
B93: Parte acumulable | D93: =+D90 -> 348999.17
B94: Parte no acumulable | D94: =+D91 -> 3368400.8
B97: VIII. Cálculo ISR del ejercicio | I97: IX. Cálculo tasa efectiva
B98: Conceptos | E98: Importes | I98: Conceptos | L98: Importes
B99: Total de ingresos por enajenación | E99: =+D89 -> 3717400
A100: (-) | B100: Ingresos exentos | E100: 0 | I100: Impuesto Fracción III Art. 120 LISR | L100: =+L129 -> 55325.669
A101: (=) | B101: Ingresos gravados | E101: =+E99-E100 -> 3717400 | H101: (÷) | I101: Cantidad a la que se aplicó tarifa | L101: =+L123 -> 338499.17
A102: (-) | B102: Ingresos no acumulables | E102: =+D94 -> 3368400.8 | H102: (=) | I102: Cociente | L102: =TRUNC(L100/L101, 4) -> 0.1634
A103: (=) | B103: Ingresos gravados acumulables | E103: =+E101-E102 -> 348999.17 | H103: (x) | I103: Por 100 | L103: 0
A104: (-) | B104: Deducciones personales | E104: =+M83+152000 -> 183500 | H104: (=) | I104: Tasa efectiva | L104: =+L102*L103/100 -> 0
A105: (=) | B105: Ingresos base | E105: =+E103-E104 -> 165499.17
A106: (-) | B106: Límite inferior | E106: =VLOOKUP(E105,Tarifas!N3:Q16,1) -> 160577.66 | I106: Parte gravada no acumulable | L106: =+D94 -> 3368400.8
A107: (=) | B107: Excedente | E107: =+E105-E106 -> 4921.5067 | H107: (x) | I107: Cociente | L107: =+L102 -> 0.1634
A108: (x) | B108: % sobre excedente | E108: =VLOOKUP(E105,Tarifas!N3:Q16,4)/100 -> 0.2136 | H108: (=) | I108: ISR de ingresos no acumulables | L108: =+L106*L107 -> 550396.7
A109: (=) | B109: Impuesto marginal | E109: =+E107*E108 -> 1051.2338
A110: (+) | B110: Cuota fija | E110: =VLOOKUP(E105,Tarifas!N3:Q16,3) -> 17005.47
A111: (=) | B111: Impuesto Fracción III Art. 120 LISR | E111: =+E109+E110 -> 18056.704
B115: IX. Resumen ISR del ejercicio | I115: X. Cálculo ESPEJO para tasa efectiva
B116: Conceptos | E116: Importes | I116: Conceptos | L116: Importes
B117: ISR de ingresos acumulables | E117: =+E111 -> 18056.704 | I117: Total de ingresos por enajenación | L117: =+E59 -> 3717400
A118: (+) | B118: ISR de ingresos no acumulables | E118: =+L108 -> 550396.7 | H118: (-) | I118: Ingresos exentos | L118: 0
A119: (=) | B119: ISR del ejercicio | E119: =+E117+E118 -> 568453.4 | H119: (=) | I119: Ingresos gravados | L119: =+L117-L118 -> 3717400
A120: (-) | B120: Pago provisional del ejercicio | E120: =+I59 -> 615601.44 | H120: (-) | I120: Ingresos no acumulables | L120: =+D94 -> 3368400.8
A121: (=) | B121: ISR a cargo o saldo a favor | E121: =+E119-E120 -> -47148.04 | H121: (=) | I121: Ingresos gravados acumulables | L121: =+L119-L120 -> 348999.17
H122: (-) | I122: Deducciones personales | L122: =+M80 -> 10500
H123: (=) | I123: Ingresos base | L123: =+L121-L122 -> 338499.17
H124: (-) | I124: Límite inferior | L124: =VLOOKUP(L123,Tarifas!N3:Q16,1) -> 323862.01
H125: (=) | I125: Excedente | L125: =+L123-L124 -> 14637.157
H126: (x) | I126: % sobre excedente | L126: =VLOOKUP(L123,Tarifas!N3:Q16,4)/100 -> 0.2352
H127: (=) | I127: Impuesto marginal | L127: =+L125*L126 -> 3442.6592
H128: (+) | I128: Cuota fija | L128: =VLOOKUP(L123,Tarifas!N3:Q16,3) -> 51883.01
H129: (=) | I129: Impuesto Fracción III Art. 120 LISR | L129: =+L127+L128 -> 55325.669

Sheet Caso 7
B10: 6. Pago de dividendos
B12: I. Datos
B13: Ejercicio 2021
B14: Accionista que percibe pago de dividendos en 2021 en cantidad neta de $250,000.00
B16: II. Cálculo del ISR del ejercicio
B18: Conceptos | E18: Importes
B19: Ingresos por dividendos | E19: 250000
A20: (x) | B20: Factor de piramidación | E20: 1.4286
A21: (=) | B21: Monto del dividendo + ISR Corporativo | E21: =+E19*E20 -> 357150
A22: (x) | B22: Tasa del artículo 9 LISR | E22: 0.3
A23: (=) | B23: ISR pagado por la Persona Moral | E23: =+E21*E22 -> 107145
B25: Monto bruto del dividendo | E25: =+E21 -> 357150
A26: (-) | B26: ISR pagado por la Persona Moral | E26: =+E23 -> 107145
A27: (=) | B27: Dividendo percibido | E27: =+E25-E26 -> 250005
B29: Conceptos | E29: Escenario A | F29: Escenario B
B30: Dividendos percibidos | E30: =+E19 -> 250000 | F30: =+E27 -> 250005
A31: (+) | B31: ISR pagado por la Persona Moral | F31: =+E26 -> 107145
A32: (=) | B32: Base para ISR | E32: =+E30+E31 -> 250000 | F32: =+F30+F31 -> 357150
A33: (-) | B33: Límite inferior | E33: =VLOOKUP(E32,Tarifas!N3:Q16,1) -> 160577.66 | F33: =VLOOKUP(F32,Tarifas!N3:Q16,1) -> 323862.01
A34: (=) | B34: Excedente | E34: =+E32-E33 -> 89422.34 | F34: =+F32-F33 -> 33287.99
A35: (x) | B35: % sobre excedente | E35: =VLOOKUP(E32,Tarifas!N3:Q16,4)/100 -> 0.2136 | F35: =VLOOKUP(F32,Tarifas!N3:Q16,4)/100 -> 0.2352
A36: (=) | B36: Impuesto marginal | E36: =+E34*E35 -> 19100.612 | F36: =+F34*F35 -> 7829.3352
A37: (+) | B37: Cuota fija | E37: =VLOOKUP(E32,Tarifas!N3:Q16,3) -> 17005.47 | F37: =VLOOKUP(F32,Tarifas!N3:Q16,3) -> 51883.01
A38: (=) | B38: ISR determinado | E38: =+E36+E37 -> 36106.082 | F38: =+F36+F37 -> 59712.345
A39: (-) | B39: ISR pagado por la sociedad | E39: 0 | F39: =+E23 -> 107145
A40: (=) | B40: ISR a cargo | E40: =+E38-E39 -> 36106.082 | F40: =+F38-F39 -> -47432.655
B42: Retención ISR definitivo 10% | E42: =+E30*0.1 -> 25000 | F42: =+F30*0.1 -> 25000.5
B44: ISR neto pagado | E44: =+E40+E42 -> 61106.082 | F44: =+F40+F42 -> -22432.155

Sheet Tarifas
B1: Tarifa para salarios y arrendamiento | H1: Tarifa anual Ejercicio 2020 | N1: Tarifa anual Ejercicio 2021
B2: 2021
B3: Límite inferior | C3: Límite superior | D3: Cuota fija | E3: Por ciento para aplicarse sobre | H3: Límite inferior | I3: Límite superior | J3: Cuota fija | K3: Por ciento para aplicarse sobre | N3: Límite inferior | O3: Límite superior | P3: Cuota fija | Q3: Por ciento para aplicarse sobre
E4: el excedente del límite inferior | K4: el excedente del límite inferior | Q4: el excedente del límite inferior
B5: $ | C5: $ | D5: $ | E5: % | H5: $ | I5: $ | J5: $ | K5: % | N5: $ | O5: $ | P5: $ | Q5: %
B6: 0.01 | C6: 644.58 | D6: 0 | E6: 1.92 | H6: 0.01 | I6: 6942.2 | J6: 0 | K6: 1.92 | N6: 0.01 | O6: 7735 | P6: 0 | Q6: 1.92
B7: 644.59 | C7: 5470.92 | D7: 12.38 | E7: 6.4 | H7: 6942.21 | I7: 58922.16 | J7: 133.28 | K7: 6.4 | N7: 7735.01 | O7: 65651.07 | P7: 148.51 | Q7: 6.4
B8: 5470.93 | C8: 9614.66 | D8: 321.26 | E8: 10.88 | H8: 58922.17 | I8: 103550.44 | J8: 3460.01 | K8: 10.88 | N8: 65651.08 | O8: 115375.9 | P8: 3855.14 | Q8: 10.88
B9: 9614.67 | C9: 11176.62 | D9: 772.1 | E9: 16 | H9: 103550.45 | I9: 120372.83 | J9: 8315.57 | K9: 16 | N9: 115375.91 | O9: 134119.41 | P9: 9265.2 | Q9: 16
B10: 11176.63 | C10: 13381.47 | D10: 1022.01 | E10: 17.92 | H10: 120372.84 | I10: 144119.23 | J10: 11007.14 | K10: 17.92 | N10: 134119.42 | O10: 160577.65 | P10: 12264.16 | Q10: 17.92
B11: 13381.48 | C11: 26988.5 | D11: 1417.12 | E11: 21.36 | H11: 144119.24 | I11: 290667.75 | J11: 15262.49 | K11: 21.36 | N11: 160577.66 | O11: 323862 | P11: 17005.47 | Q11: 21.36
B12: 26988.51 | C12: 42537.58 | D12: 4323.58 | E12: 23.52 | H12: 290667.76 | I12: 458132.29 | J12: 46565.26 | K12: 23.52 | N12: 323862.01 | O12: 510451 | P12: 51883.01 | Q12: 23.52
B13: 42537.59 | C13: 81211.25 | D13: 7980.73 | E13: 30 | H13: 458132.3 | I13: 874650 | J13: 85952.92 | K13: 30 | N13: 510451.01 | O13: 974535.03 | P13: 95768.74 | Q13: 30
B14: 81211.26 | C14: 108281.67 | D14: 19582.83 | E14: 32 | H14: 874650.01 | I14: 1166200 | J14: 210908.23 | K14: 32 | N14: 974535.04 | O14: 1299380 | P14: 234993.95 | Q14: 32
B15: 108281.68 | C15: 324845.01 | D15: 28245.36 | E15: 34 | H15: 1166200 | I15: 3498600 | J15: 304204.21 | K15: 34 | N15: 1299380.1 | O15: 3898140.1 | P15: 338944.34 | Q15: 34
B16: 324845.02 | C16: En adelante | D16: 101876.9 | E16: 35 | H16: 3498600 | I16: En adelante | J16: 1097220.2 | K16: 35 | N16: 3898140.1 | O16: En adelante | P16: 1222522.8 | Q16: 35
B21: Para Ingresos de | C21: Hasta Ingresos de | D21: Cantidad de subsidio para el empleo mensual
B22: $ | C22: $ | D22: $
B23: 0.01 | C23: 1768.96 | D23: 407.02
B24: 1768.97 | C24: 2653.38 | D24: 406.83
B25: 2653.39 | C25: 3472.84 | D25: 406.62
B26: 3472.85 | C26: 3537.87 | D26: 392.77
B27: 3537.88 | C27: 4446.15 | D27: 382.46
B28: 4446.16 | C28: 4717.18 | D28: 354.23
B29: 4717.19 | C29: 5335.42 | D29: 324.87
B30: 5335.43 | C30: 6224.67 | D30: 294.63
B31: 6224.68 | C31: 7113.9 | D31: 253.54
B32: 7113.91 | C32: 7382.33 | D32: 217.61
B33: 7382.34 | C33: En adelante | D33: 0
B36: Tarifas para actividad empresarial y profesional
C38: Enero | I38: Abril | O38: Julio | U38: Octubre
B39: Límite inferior | C39: Límite superior | D39: Cuota fija | E39: Por ciento para aplicarse sobre | H39: Límite inferior | I39: Límite superior | J39: Cuota fija | K39: Por ciento para aplicarse sobre | N39: Límite inferior | O39: Límite superior | P39: Cuota fija | Q39: Por ciento para aplicarse sobre | T39: Límite inferior | U39: Límite superior | V39: Cuota fija | W39: Por ciento para aplicarse sobre
E40: el excedente del límite inferior | K40: el excedente del límite inferior | Q40: el excedente del límite inferior | W40: el excedente del límite inferior
B41: $ | C41: $ | D41: $ | E41: % | H41: $ | I41: $ | J41: $ | K41: % | N41: $ | O41: $ | P41: $ | Q41: % | T41: $ | U41: $ | V41: $ | W41: %
B42: 0.01 | C42: 644.58 | D42: 0 | E42: 1.92 | H42: 0.01 | I42: 2578.32 | J42: 0 | K42: 1.92 | N42: 0.01 | O42: 4512.06 | P42: 0 | Q42: 1.92 | T42: 0.01 | U42: 6445.8 | V42: 0 | W42: 1.92
B43: 644.59 | C43: 5470.92 | D43: 12.38 | E43: 6.4 | H43: 2578.33 | I43: 21883.68 | J43: 49.52 | K43: 6.4 | N43: 4512.07 | O43: 38296.44 | P43: 86.66 | Q43: 6.4 | T43: 6445.81 | U43: 54709.2 | V43: 123.8 | W43: 6.4
B44: 5470.93 | C44: 9614.66 | D44: 321.26 | E44: 10.88 | H44: 21883.69 | I44: 38458.64 | J44: 1285.04 | K44: 10.88 | N44: 38296.45 | O44: 67302.62 | P44: 2248.82 | Q44: 10.88 | T44: 54709.21 | U44: 96146.6 | V44: 3212.6 | W44: 10.88
B45: 9614.67 | C45: 11176.62 | D45: 772.1 | E45: 16 | H45: 38458.65 | I45: 44706.48 | J45: 3088.4 | K45: 16 | N45: 67302.63 | O45: 78236.34 | P45: 5404.7 | Q45: 16 | T45: 96146.61 | U45: 111766.2 | V45: 7721 | W45: 16
B46: 11176.63 | C46: 13381.47 | D46: 1022.01 | E46: 17.92 | H46: 44706.49 | I46: 53525.88 | J46: 4088.04 | K46: 17.92 | N46: 78236.35 | O46: 93670.29 | P46: 7154.07 | Q46: 17.92 | T46: 111766.21 | U46: 133814.7 | V46: 10220.1 | W46: 17.92
B47: 13381.48 | C47: 26988.5 | D47: 1417.12 | E47: 21.36 | H47: 53525.89 | I47: 107954 | J47: 5668.48 | K47: 21.36 | N47: 93670.3 | O47: 188919.5 | P47: 9919.84 | Q47: 21.36 | T47: 133814.71 | U47: 269885 | V47: 14171.2 | W47: 21.36
B48: 26988.51 | C48: 42537.58 | D48: 4323.58 | E48: 23.52 | H48: 107954.01 | I48: 170150.32 | J48: 17294.32 | K48: 23.52 | N48: 188919.51 | O48: 297763.06 | P48: 30265.06 | Q48: 23.52 | T48: 269885.01 | U48: 425375.8 | V48: 43235.8 | W48: 23.52
B49: 42537.59 | C49: 81211.25 | D49: 7980.73 | E49: 30 | H49: 170150.33 | I49: 324845 | J49: 31922.92 | K49: 30 | N49: 297763.07 | O49: 568478.75 | P49: 55865.11 | Q49: 30 | T49: 425375.81 | U49: 812112.5 | V49: 79807.3 | W49: 30
B50: 81211.26 | C50: 108281.67 | D50: 19582.83 | E50: 32 | H50: 324845.01 | I50: 433126.68 | J50: 78331.32 | K50: 32 | N50: 568478.76 | O50: 757971.69 | P50: 137079.81 | Q50: 32 | T50: 812112.51 | U50: 1082816.7 | V50: 195828.3 | W50: 32
B51: 108281.68 | C51: 324845.01 | D51: 28245.36 | E51: 34 | H51: 433126.69 | I51: 1299380 | J51: 112981.44 | K51: 34 | N51: 757971.7 | O51: 2273915.1 | P51: 197717.52 | Q51: 34 | T51: 1082816.7 | U51: 3248450.1 | V51: 282453.6 | W51: 34
B52: 324845.02 | C52: En adelante | D52: 101876.9 | E52: 35 | H52: 1299380.1 | I52: En adelante | J52: 407507.6 | K52: 35 | N52: 2273915.1 | O52: En adelante | P52: 713138.3 | Q52: 35 | T52: 3248450.1 | U52: En adelante | V52: 1018769 | W52: 35
C55: Febrero | I55: Mayo | O55: Agosto | U55: Noviembre
B56: Límite inferior | C56: Límite superior | D56: Cuota fija | E56: Por ciento para aplicarse sobre | H56: Límite inferior | I56: Límite superior | J56: Cuota fija | K56: Por ciento para aplicarse sobre | N56: Límite inferior | O56: Límite superior | P56: Cuota fija | Q56: Por ciento para aplicarse sobre | T56: Límite inferior | U56: Límite superior | V56: Cuota fija | W56: Por ciento para aplicarse sobre
E57: el excedente del límite inferior | K57: el excedente del límite inferior | Q57: el excedente del límite inferior | W57: el excedente del límite inferior
B58: $ | C58: $ | D58: $ | E58: % | H58: $ | I58: $ | J58: $ | K58: % | N58: $ | O58: $ | P58: $ | Q58: % | T58: $ | U58: $ | V58: $ | W58: %
B59: 0.01 | C59: 1289.16 | D59: 0 | E59: 1.92 | H59: 0.01 | I59: 3222.9 | J59: 0 | K59: 1.92 | N59: 0.01 | O59: 5156.64 | P59: 0 | Q59: 1.92 | T59: 0.01 | U59: 7090.38 | V59: 0 | W59: 1.92
B60: 1289.17 | C60: 10941.84 | D60: 24.76 | E60: 6.4 | H60: 3222.91 | I60: 27354.6 | J60: 61.9 | K60: 6.4 | N60: 5156.65 | O60: 43767.36 | P60: 99.04 | Q60: 6.4 | T60: 7090.39 | U60: 60180.12 | V60: 136.18 | W60: 6.4
B61: 10941.85 | C61: 19229.32 | D61: 642.52 | E61: 10.88 | H61: 27354.61 | I61: 48073.3 | J61: 1606.3 | K61: 10.88 | N61: 43767.37 | O61: 76917.28 | P61: 2570.08 | Q61: 10.88 | T61: 60180.13 | U61: 105761.26 | V61: 3533.86 | W61: 10.88
B62: 19229.33 | C62: 22353.24 | D62: 1544.2 | E62: 16 | H62: 48073.31 | I62: 55883.1 | J62: 3860.5 | K62: 16 | N62: 76917.29 | O62: 89412.96 | P62: 6176.8 | Q62: 16 | T62: 105761.27 | U62: 122942.82 | V62: 8493.1 | W62: 16
B63: 22353.25 | C63: 26762.94 | D63: 2044.02 | E63: 17.92 | H63: 55883.11 | I63: 66907.35 | J63: 5110.05 | K63: 17.92 | N63: 89412.97 | O63: 107051.76 | P63: 8176.08 | Q63: 17.92 | T63: 122942.83 | U63: 147196.17 | V63: 11242.11 | W63: 17.92
B64: 26762.95 | C64: 53977 | D64: 2834.24 | E64: 21.36 | H64: 66907.36 | I64: 134942.5 | J64: 7085.6 | K64: 21.36 | N64: 107051.77 | O64: 215908 | P64: 11336.96 | Q64: 21.36 | T64: 147196.18 | U64: 296873.5 | V64: 15588.32 | W64: 21.36
B65: 53977.01 | C65: 85075.16 | D65: 8647.16 | E65: 23.52 | H65: 134942.51 | I65: 212687.9 | J65: 21617.9 | K65: 23.52 | N65: 215908.01 | O65: 340300.64 | P65: 34588.64 | Q65: 23.52 | T65: 296873.51 | U65: 467913.38 | V65: 47559.38 | W65: 23.52
B66: 85075.17 | C66: 162422.5 | D66: 15961.46 | E66: 30 | H66: 212687.91 | I66: 406056.25 | J66: 39903.65 | K66: 30 | N66: 340300.65 | O66: 649690 | P66: 63845.84 | Q66: 30 | T66: 467913.39 | U66: 893323.75 | V66: 87788.03 | W66: 30
B67: 162422.51 | C67: 216563.34 | D67: 39165.66 | E67: 32 | H67: 406056.26 | I67: 541408.35 | J67: 97914.15 | K67: 32 | N67: 649690.01 | O67: 866253.36 | P67: 156662.64 | Q67: 32 | T67: 893323.76 | U67: 1191098.4 | V67: 215411.13 | W67: 32
B68: 216563.35 | C68: 649690.02 | D68: 56490.72 | E68: 34 | H68: 541408.36 | I68: 1624225.1 | J68: 141226.8 | K68: 34 | N68: 866253.37 | O68: 2598760.1 | P68: 225962.88 | Q68: 34 | T68: 1191098.4 | U68: 3573295.1 | V68: 310698.96 | W68: 34
B69: 649690.03 | C69: En adelante | D69: 203753.8 | E69: 35 | H69: 1624225.1 | I69: En adelante | J69: 509384.5 | K69: 35 | N69: 2598760.1 | O69: En adelante | P69: 815015.2 | Q69: 35 | T69: 3573295.1 | U69: En adelante | V69: 1120645.9 | W69: 35
C72: Marzo | I72: Junio | O72: Septiembre | U72: Diciembre
B73: Límite inferior | C73: Límite superior | D73: Cuota fija | E73: Por ciento para aplicarse sobre | H73: Límite inferior | I73: Límite superior | J73: Cuota fija | K73: Por ciento para aplicarse sobre | N73: Límite inferior | O73: Límite superior | P73: Cuota fija | Q73: Por ciento para aplicarse sobre | T73: Límite inferior | U73: Límite superior | V73: Cuota fija | W73: Por ciento para aplicarse sobre
E74: el excedente del límite inferior | K74: el excedente del límite inferior | Q74: el excedente del límite inferior | W74: el excedente del límite inferior
B75: $ | C75: $ | D75: $ | E75: % | H75: $ | I75: $ | J75: $ | K75: % | N75: $ | O75: $ | P75: $ | Q75: % | T75: $ | U75: $ | V75: $ | W75: %
B76: 0.01 | C76: 1933.74 | D76: 0 | E76: 1.92 | H76: 0.01 | I76: 3867.48 | J76: 0 | K76: 1.92 | N76: 0.01 | O76: 5801.22 | P76: 0 | Q76: 1.92 | T76: 0.01 | U76: 7735 | V76: 0 | W76: 1.92
B77: 1933.75 | C77: 16412.76 | D77: 37.14 | E77: 6.4 | H77: 3867.49 | I77: 32825.52 | J77: 74.28 | K77: 6.4 | N77: 5801.23 | O77: 49238.28 | P77: 111.42 | Q77: 6.4 | T77: 7735.01 | U77: 65651.07 | V77: 148.51 | W77: 6.4
B78: 16412.77 | C78: 28843.98 | D78: 963.78 | E78: 10.88 | H78: 32825.53 | I78: 57687.96 | J78: 1927.56 | K78: 10.88 | N78: 49238.29 | O78: 86531.94 | P78: 2891.34 | Q78: 10.88 | T78: 65651.08 | U78: 115375.9 | V78: 3855.14 | W78: 10.88
B79: 28843.99 | C79: 33529.86 | D79: 2316.3 | E79: 16 | H79: 57687.97 | I79: 67059.72 | J79: 4632.6 | K79: 16 | N79: 86531.95 | O79: 100589.58 | P79: 6948.9 | Q79: 16 | T79: 115375.91 | U79: 134119.41 | V79: 9265.2 | W79: 16
B80: 33529.87 | C80: 40144.41 | D80: 3066.03 | E80: 17.92 | H80: 67059.73 | I80: 80288.82 | J80: 6132.06 | K80: 17.92 | N80: 100589.59 | O80: 120433.23 | P80: 9198.09 | Q80: 17.92 | T80: 134119.42 | U80: 160577.65 | V80: 12264.16 | W80: 17.92
B81: 40144.42 | C81: 80965.5 | D81: 4251.36 | E81: 21.36 | H81: 80288.83 | I81: 161931 | J81: 8502.72 | K81: 21.36 | N81: 120433.24 | O81: 242896.5 | P81: 12754.08 | Q81: 21.36 | T81: 160577.66 | U81: 323862 | V81: 17005.47 | W81: 21.36
B82: 80965.51 | C82: 127612.74 | D82: 12970.74 | E82: 23.52 | H82: 161931.01 | I82: 255225.48 | J82: 25941.48 | K82: 23.52 | N82: 242896.51 | O82: 382838.22 | P82: 38912.22 | Q82: 23.52 | T82: 323862.01 | U82: 510451 | V82: 51883.01 | W82: 23.52
B83: 127612.75 | C83: 243633.75 | D83: 23942.19 | E83: 30 | H83: 255225.49 | I83: 487267.5 | J83: 47884.38 | K83: 30 | N83: 382838.23 | O83: 730901.25 | P83: 71826.57 | Q83: 30 | T83: 510451.01 | U83: 974535.03 | V83: 95768.74 | W83: 30
B84: 243633.76 | C84: 324845.01 | D84: 58748.49 | E84: 32 | H84: 487267.51 | I84: 649690.02 | J84: 117496.98 | K84: 32 | N84: 730901.26 | O84: 974535.03 | P84: 176245.47 | Q84: 32 | T84: 974535.04 | U84: 1299380 | V84: 234993.95 | W84: 32
B85: 324845.02 | C85: 974535.03 | D85: 84736.08 | E85: 34 | H85: 649690.03 | I85: 1949070.1 | J85: 169472.16 | K85: 34 | N85: 974535.04 | O85: 2923605.1 | P85: 254208.24 | Q85: 34 | T85: 1299380.1 | U85: 3898140.1 | V85: 338944.34 | W85: 34
B86: 974535.04 | C86: En adelante | D86: 305630.7 | E86: 35 | H86: 1949070.1 | I86: En adelante | J86: 611261.4 | K86: 35 | N86: 2923605.1 | O86: En adelante | P86: 916892.1 | Q86: 35 | T86: 3898140.1 | U86: En adelante | V86: 1222522.8 | W86: 35

Sheet INPC
A1: Banco de México
A3: Índices de Precios al Consumidor y UDIS
A4: Principales índices mensuales
A6: Fecha de consulta: 30/01/2021 01:28:08
A8: Aviso importante: Algunas de las series que está consultando registra un cambio, por favor consulte los metadatos de las mismas.
A10: Título | B10: IPC Por objeto del gasto Nacional, I n d i c e G e n e r a l
A11: Periodo disponible | B11: Ene 1969 - Dic 2020
A12: Periodicidad | B12: Mensual
A13: Cifra | B13: Indices
A14: Unidad | B14: Sin Unidad
A15: Base | B15: 2Q Jul 2018
A16: Aviso | B16: Acorde con la Ley del Sistema Nacional de Información Estadística y Geográfica, publicada en el Diario Oficial de la Federación el 16 de abril de 2008, a partir del 15 de julio de 2011 el Instituto Nacional de Estadística y Geografía (INEGI) tiene la facultad exclusiva de elaborar y publicar los índices nacionales de precios. En consideración a lo anterior, la información sobre la inflación referente a junio de 2011 fue la última publicada por el Banco de México. El INEGI comenzó la difusión de la información con los resultados correspondientes a la primera quincena de julio de 2011.
A17: Tipo de información | B17: Índices
A18: Fecha | B18: SP1
A19: 25204 | B19: 0.011595
A20: 25235 | B20: 0.011636
A21: 25263 | B21: 0.011648
A22: 25294 | B22: 0.01168
A23: 25324 | B23: 0.01168
A24: 25355 | B24: 0.011721
A25: 25385 | B25: 0.011766
A26: 25416 | B26: 0.011779
A27: 25447 | B27: 0.011889
A28: 25477 | B28: 0.012014
A29: 25508 | B29: 0.012015
A30: 25538 | B30: 0.012106
... A655: 44562 | B655: 118.002
